 Dungeon Crawl Stone Soup version 0.30-a0-272-gf98c3da03f (webtiles) character file.

Game seed: 9858807544196696321

1450239 sleeves the Ruinous (level 25, 228/228 HPs)
             Began as a Demigod Brigand on Oct 15, 2022.
             Escaped with the Orb
             ... and 3 runes on Oct 16, 2022!
             The game lasted 05:18:59 (96248 turns).

sleeves the Ruinous (Demigod Brigand)              Turns: 96248, Time: 05:18:59

Health: 228/228    AC: 17    Str: 12    XL:     25   Next: 32%
Magic:  25/47      EV: 17    Int: 50    God:
Gold:   8066       SH: 12    Dex: 32    Spells: 2/52 levels left

rFire   + + +      SeeInvis .    V - +5 sling of Fear {venom, rF+ Int+4 Dex+4}
rCold   + . .      Faith    .    T - +3 buckler {rN+}
rNeg    + + .      Spirit   .    q - +3 leather armour {rF+}
rPois   +          Reflect  .    c - +2 helmet {Int+3}
rElec   .          Harm     .    I - +2 cloak {Will+}
rCorr   +          Rampage  .    l - +2 pair of gloves {Dex+3}
Will    ++++.                    f - +0 pair of boots "Tudotura" {rF+}
Stlth   ++........               m - amulet "Cuimp" {rC+ Regen+}
HPRegen 1.38/turn                N - ring of Cohum {rPois rCorr Int+6 Dex+2 Slay+3}
MPRegen 0.30/turn                F - ring "Forghapu" {rPois rN+ Will+ Stlth+}

@: brilliant, hasted (expiring), studying Ice Magic, very quick
A: high MP 1, forlorn, divine attributes
0: Orb of Zot
}: 3/15 runes: barnacled, silver, gossamer
a: no special abilities


You escaped.
You visited 10 branches of the dungeon, and saw 50 of its levels.
You visited 1 bazaar.
You also visited: Trove, Bailey, Wizlab and Desolation.

You collected 9230 gold pieces.
You spent 1164 gold pieces at shops.

Inventory:

Hand Weapons
 G - the +7 short sword of Giesix {elec, rElec Str+3}
   (You found it on level 13 of the Dungeon)

   It occasionally discharges a powerful burst of electricity upon striking a
   foe.
   Str:       It affects your strength (+3).
   rElec:     It insulates you from electricity.
 U - the +8 hand crossbow "Bakhlad" {speed, rC+ Str+7 Int+2}
   (You subdued it in a wizard's laboratory)

   Attacks with this weapon are significantly faster.
   Str:       It affects your strength (+7).
   Int:       It affects your intelligence (+2).
   rC:        It protects you from cold.
 V - the +5 sling of Fear (weapon) {venom, rF+ Int+4 Dex+4}
   (You found it on level 3 of the Elven Halls)

   Any ammunition fired from it poisons the flesh of those it strikes.
   Int:       It affects your intelligence (+4).
   Dex:       It affects your dexterity (+4).
   rF:        It protects you from fire.
Armour
 c - a +2 helmet of intelligence (worn)
   (You found it on level 1 of the Lair of Beasts)
 f - the +0 pair of boots "Tudotura" (worn) {rF+}
   (You found it on level 3 of the Elven Halls)

   rF:        It protects you from fire.
 l - a +2 pair of gloves of dexterity (worn)
   (You found it in a wizard's laboratory)
 q - a +3 leather armour of fire resistance (worn)
   (You found it in the Desolation of Salt)
 I - a +2 cloak of willpower (worn)
   (You found it on level 2 of the Crypt)
 T - a +3 buckler of positive energy (worn)
   (You found it in the Desolation of Salt)
Jewellery
 m - the amulet "Cuimp" (around neck) {rC+ Regen+}
   (You found it in the Desolation of Salt)

   [amulet of regeneration]

   rC:        It protects you from cold.
   Regen:     It increases your rate of health regeneration.
 y - a ring of see invisible
   (You bought it in a shop on level 13 of the Dungeon)
 D - the amulet of Piorruna {RegenMP rCorr}
   (You found it in the Desolation of Salt)

   [amulet of magic regeneration]

   It increases your rate of magic regeneration.
   rCorr:     It protects you from acid and corrosion.
 F - the ring "Forghapu" (right hand) {rPois rN+ Will+ Stlth+}
   (You found it on level 3 of the Crypt)

   [ring of positive energy]

   rPois:     It protects you from poison.
   rN:        It protects you from negative energy.
   Will:      It increases your willpower.
   Stlth:     It makes you more stealthy.
 K - the ring of the Furies {Will- MP+9 EV+4 Str+4 SInv}
   (You found it on level 4 of the Realm of Zot)

   [ring of evasion]

   EV:        It affects your evasion (+4).
   Str:       It affects your strength (+4).
   MP:        It affects your magic capacity (+9).
   SInv:      It lets you see invisible.
   Will:      It decreases your willpower.
 N - the ring of Cohum (left hand) {rPois rCorr Int+6 Dex+2 Slay+3}
   (You took it off a deep elf annihilator on level 5 of the Vaults)

   [ring of intelligence]

   Int:       It affects your intelligence (+6).
   Dex:       It affects your dexterity (+2).
   Slay:      It affects your accuracy & damage with ranged weapons and melee
   (+3).
   rPois:     It protects you from poison.
   rCorr:     It protects you from acid and corrosion.
Wands
 n - a wand of quicksilver (10)
   (You took it off a merfolk siren on level 4 of the Shoals)
 P - a wand of iceblast (18)
   (You found it on level 8 of the Dungeon)
Scrolls
 a - 9 scrolls of immolation
 e - 3 scrolls of amnesia
 k - a scroll of brand weapon
 o - 10 scrolls of enchant weapon
 u - 5 scrolls of magic mapping
 v - 10 scrolls of blinking
 x - 6 scrolls of butterflies
 A - a scroll of silence
 B - 19 scrolls of teleportation
 H - a scroll of enchant armour
 J - 2 scrolls of poison
 Q - 6 scrolls of torment
 Y - 6 scrolls of fear
Potions
 b - 4 potions of cancellation
 i - 7 potions of brilliance
 j - 31 potions of curing
 p - 12 potions of flight
 r - 2 potions of magic
 s - 5 potions of heal wounds
 t - 7 potions of resistance
 C - 12 potions of ambrosia
 E - 9 potions of mutation
 M - 5 potions of invisibility
 O - 7 potions of might
 R - 2 potions of haste
 W - 2 potions of berserk rage
Miscellaneous
 d - a condenser vane
   (You found it on level 3 of the Elven Halls)
 g - a lightning rod (4/4)
   (You found it on level 3 of the Elven Halls)
 h - a phial of floods
   (You found it on level 3 of the Elven Halls)
 w - a box of beasts
   (You found it in the Desolation of Salt)
 z - a phantom mirror
   (You found it on level 4 of the Shoals)


   Skills:
 + Level 19.4 Fighting
 - Level 1.7(4.2) Short Blades
 - Level 6.0(6.2) Long Blades
 - Level 4.2 Throwing
 - Level 5.0 Armour
 - Level 5.5 Dodging
 - Level 3.6 Stealth
 - Level 10.0 Shields
 - Level 14.0 Spellcasting
 - Level 24.0 Conjurations
 - Level 5.0 Hexes
 - Level 10.0 Summonings
 - Level 4.0 Necromancy
 - Level 10.0 Translocations
 - Level 24.0 Fire Magic
 + Level 11.1 Earth Magic


You had 2 spell levels left.
You knew the following spells:

 Your Spells              Type           Power      Damage    Failure   Level
a - Starburst             Conj/Fire      80%        6d20      0%          6
b - Passage of Golubria   Tloc           100%       N/A       1%          4
c - Fire Storm            Conj/Fire      80%        8d20      4%          9
d - Lehudib's Crystal Sp  Conj/Erth      71%        10d16     4%          8
e - Spellforged Servitor  Conj/Summ      70%        N/A       1%          7
f - Dispersal             Tloc           58%        N/A       2%          6
g - Sublimation of Blood  Necr           85%        N/A       1%          2
h - Blink                 Tloc           100%       N/A       1%          2
i - Iron Shot             Conj/Erth      71%        9d13      1%          6

Your spell library contained the following spells:

 Spells                   Type           Power      Damage    Failure   Level
 Apportation              Tloc           100%       N/A       0%          1
 Kiss of Death            Conj/Necr      100%       2d13      0%          1
 Magic Dart               Conj           100%       1d8       0%          1
 Summon Small Mammal      Summ           100%       N/A       0%          1
 Momentum Strike          Conj/Tloc      100%       3d10      0%          2
 Searing Ray              Conj           100%       2d8       0%          2
 Static Discharge         Conj/Air       100%       2-7/arc   0%          2
 Beastly Appendage        Tmut           100%       N/A       1%          1
 Freeze                   Ice            100%       1d10      1%          1
 Slow                     Hex            100%       N/A       1%          1
 Sting                    Tmut/Pois      100%       1d8       1%          1
 Cigotuvi's Dreadful Rot  Necr/Pois/Air  100%       N/A       1%          2
 Ensorcelled Hibernation  Hex/Ice        100%       N/A       1%          2
 Passwall                 Tmut/Erth      78%        N/A       1%          2
 Poisonous Vapours        Pois/Air       100%       N/A       1%          2
 Wereblood                Tmut           51%        N/A       1%          2
 Dazzling Flash           Conj/Hex       100%       N/A       0%          3
 Inner Flame              Hex/Fire       100%       N/A       0%          3
 Stone Arrow              Conj/Erth      100%       3d13      0%          3
 Iskenderun's Mystic Bla  Conj/Tloc      100%       2d19      0%          4
 Sticky Flame             Conj/Fire      100%       2d11      0%          4
 Fireball                 Conj/Fire      80%        3d30      0%          5
 Iskenderun's Battlesphe  Conj           100%       2d15      0%          5
 Call Canine Familiar     Summ           100%       N/A       1%          3
 Confusing Touch          Hex            91%        N/A       1%          3
 Gell's Gravitas          Tloc           100%       N/A       1%          3
 Hailstorm                Conj/Ice       100%       3d20      1%          3
 Ignite Poison            Fire/Tmut/Pois 100%       N/A       1%          3
 Kindle Blastsparks       Fire/Tloc/Air  100%       2d18      1%          3
 Mephitic Cloud           Conj/Pois/Air  100%       N/A       1%          3
 Portal Projectile        Hex/Tloc       100%       N/A       1%          3
 Summon Guardian Golem    Hex/Summ       100%       N/A       1%          3
 Teleport Other           Tloc           100%       N/A       1%          3
 Tukima's Dance           Hex            91%        N/A       1%          3
 Vampiric Draining        Necr           85%        2d12      1%          3
 Vhi's Electric Charge    Tloc/Air       100%       N/A       1%          3
 Anguish                  Hex/Necr       44%        N/A       1%          4
 Animate Armour           Summ/Erth      100%       N/A       1%          4
 Cause Fear               Hex            45%        N/A       1%          4
 Dispel Undead            Necr           85%        3d27      1%          4
 Fulminant Prism          Conj/Hex       66%        3d28      1%          4
 Manifold Assault         Tloc           100%       N/A       1%          4
 Petrify                  Tmut/Erth      94%        N/A       1%          4
 Summon Ice Beast         Ice/Summ       91%        N/A       1%          4
 Summon Lightning Spire   Summ/Air       91%        N/A       1%          4
 Arcjolt                  Conj/Air       62%        1d72      1%          5
 Irradiate                Conj/Tmut      62%        3d32      1%          5
 Lee's Rapid Deconstruct  Erth           60%        3d29*     1%          5
 Lightning Bolt           Conj/Air       62%        1d85      1%          5
 Summon Forest            Summ/Tloc      58%        N/A       1%          5
 Conjure Ball Lightning   Conj/Air       62%        3x3d22    1%          6
 Orb of Destruction       Conj           80%        9d18      1%          7
 Frozen Ramparts          Ice            100%       1d16      2%          3
 Ozocubu's Armour         Ice            51%        N/A       2%          3
 Spider Form              Tmut/Pois      51%        N/A       2%          3
 Agony                    Necr           85%        N/A       4%          5
 Airstrike                Air            25%        2d(4-20)  9%          4
 Ice Form                 Ice/Tmut       51%        N/A       9%          4
 Olgreb's Toxic Radiance  Pois           51%        N/A       9%          4
 Metabolic Englaciation   Hex/Ice        37%        N/A       9%          5
 Silence                  Hex/Air        37%        N/A       9%          5
 Yara's Violent Unravell  Hex/Tmut       37%        3d15      9%          5
 Malign Gateway           Summ/Tloc      58%        N/A       12%         7
 Summon Hydra             Summ           58%        N/A       12%         7
 Statue Form              Tmut/Erth      62%        N/A       14%         6
 Alistair's Intoxication  Tmut/Pois      34%        N/A       24%         5
 Blade Hands              Tmut           25%        N/A       24%         5
 Death Channel            Necr           42%        N/A       26%         6
 Simulacrum               Ice/Necr       35%        N/A       52%         6
 Disjunction              Tloc           58%        N/A       67%         8
 Eringya's Noxious Bog    Tmut/Pois      25%        N/A       80%         6
 Dragon Form              Tmut           25%        N/A       100%        7
 Ozocubu's Refrigeration  Ice            25%        4d13      100%        7
 Storm Form               Tmut/Air       25%        N/A       100%        7
 Discord                  Hex            45%        N/A       100%        8
 Maxwell's Capacitive Co  Air            25%        ∞         100%        8
 Dragon's Call            Summ           58%        N/A       100%        9
 Shatter                  Erth           60%        3d45*     100%        9


Dungeon Overview and Level Annotations

Branches:
Dungeon (15/15)            Temple (0/1) D:4            Lair (5/5) D:10
 Shoals (4/4) Lair:3       Spider (4/4) Lair:3        Slime (0/5) Lair:5
    Orc (2/2) D:12            Elf (3/3) Orc:2        Vaults (5/5) D:13
  Crypt (3/3) Vaults:2       Tomb (0/3) Crypt:3      Depths (4/4) D:15
    Zot (5/5) Depths:4     Bailey (visited)          WizLab (visited)
Desolation (visited)

Shops:
D:13 *:=   Orc:2 [((*   Vaults:1 *   Vaults:3 *   Depths:1 =:=   Depths:2 *(
Depths:3 !

Portals:
Hell: Depths:1 Depths:2 Depths:3 Depths:4
Abyss: Lair:5 Depths:3
Pandemonium: Depths:2 Depths:4
Ziggurat: Depths:3

Annotations:
D:10 exclusion: downstairs
D:11 Fannar
Lair:2 2 transporters, Gesod's ghost, journeyman MiHu
Orc:1 1 runed translucent door, Hati's ghost, journeyman DsFi
Elf:2 3 runed translucent doors
Depths:3 exclusion: upstairs
Zot:1 exclusion: downstairs
Zot:3 exclusions: downstairs and 3 upstairs
Zot:5 3 transporters


Innate Abilities, Weirdness & Mutations

You have an increased reservoir of magic. (+10% MP)
You shall have no god before yourself.
Your divine heritage dramatically boosts your attributes as you level up.


Message History

Key pressed, stopping explore.
You see here a +0 trident.
You see here a +0 battleaxe.
A tentacled monstrosity comes into view.
Casting: Spellforged Servitor (mildly dangerous; 1% risk of failure)
Confirm with . or Enter, or press ? or * to list all spells.
You summon a servant imbued with your destructive magic!
An Orb Guardian comes into view.
An Orb Guardian comes into view.
Your spellforged servitor gestures at the tentacled monstrosity while chanting.
The crystal spear hits the tentacled monstrosity!!
Casting: Spellforged Servitor (mildly dangerous; 1% risk of failure)
Confirm with . or Enter, or press ? or * to list all spells.
Aiming: Fire Storm (dangerous; 4% risk of failure)
Press: ? - help, Dir - move target
Okay, then.
Unknown command.
Casting: Fire Storm (dangerous; 4% risk of failure)
Confirm with . or Enter, or press ? or * to list all spells.
Aiming: Fire Storm (dangerous; 4% risk of failure)
Press: ? - help, Dir - move target, f - Orb Guardian
Aim: an Orb Guardian Really fire at your spellforged servitor?
A raging storm of fire appears!
The great blast of fire engulfs the Orb Guardian!!!!
The Orb Guardian is almost dead.
The great blast of fire engulfs your spellforged servitor!!!
Your spellforged servitor partially resists.
Your spellforged servitor is heavily damaged.
The great blast of fire engulfs the Orb Guardian!!!
The Orb Guardian is almost dead.
The great blast of fire engulfs the tentacled monstrosity!!!
The tentacled monstrosity partially resists.
The tentacled monstrosity is heavily wounded.
You hear a roar! x3
The Orb Guardian is engulfed in blazing flames.
You kill the Orb Guardian!
The Orb Guardian is engulfed in blazing flames.
Your spellforged servitor is engulfed in blazing flames.
Your spellforged servitor gestures at the tentacled monstrosity while chanting.
The crystal spear hits the tentacled monstrosity!!
The tentacled monstrosity is engulfed in blazing flames.
An Orb Guardian comes into view.
The Orb Guardian is engulfed in blazing flames.
You kill the Orb Guardian!
The Orb Guardian hits your fire vortex!
The tentacled monstrosity is engulfed in blazing flames.
The tentacled monstrosity tentacle-slaps your spellforged servitor. x2
The tentacled monstrosity tentacle-slaps your spellforged servitor but does no damage.
The tentacled monstrosity grabs your spellforged servitor.
The tentacled monstrosity constricts your spellforged servitor!
Something hits your fire vortex!!
Your fire vortex dissipates!
Your spellforged servitor gestures at the tentacled monstrosity while chanting.
The crystal spear hits the tentacled monstrosity!!!!
The tentacled monstrosity dies!
Your spellforged servitor gestures at the Orb Guardian while chanting.
The crystal spear hits the Orb Guardian!!!
The Orb Guardian hits your fire vortex!!
Your fire vortex dissipates!
The Orb Guardian hits your spellforged servitor!
Your spellforged servitor gestures at the Orb Guardian while chanting.
The crystal spear hits the Orb Guardian!!!
The Orb Guardian dies!
Your Earth Magic skill increases to level 10!
You start resting.
Your spellforged servitor disappears in a puff of smoke!
Magic restored.
You pick up a Young Poisoner's Handbook and begin reading...
You add the spells Sting and Olgreb's Toxic Radiance to your library.
A green draconian comes into view. It is wielding a +0 trident.
An electric golem comes into view.
The green draconian moves out of view.
The +5 sling of Fear {venom, rF+ Int+4 Dex+4} stops dripping with poison.
You feel stronger.
You hear the crackle of electricity.
G - the +7 short sword of Giesix (weapon)
{elec, rElec Str+3} The electric golem blinks!
The electric golem hurls lightning at you.
The bolt of lightning misses you.
Casting: Fire Storm (dangerous; 6% risk of failure)
Confirm with . or Enter, or press ? or * to list all spells.
You summon a servant imbued with your destructive magic!
The electric golem hurls lightning at you.
The bolt of lightning hits you! You resist.
Your spellforged servitor points at the electric golem and mumbles some strange words.
The crystal spear hits the electric golem!!
The iron shot misses the electric golem.
A red draconian comes into view. It is wielding a +0 flail.
The electric golem hurls lightning at you.
The bolt of lightning misses you.
Your spellforged servitor casts a spell at the electric golem.
The crystal spear hits the electric golem!!!
You hear a roar!
Casting: Iron Shot (mildly dangerous; 1% risk of failure)
Confirm with . or Enter, or press ? or * to list all spells.
Aiming: Fire Storm (dangerous; 6% risk of failure)
Press: ? - help, Dir - move target, p - electric golem Really fire at your spellforged servitor?
A raging storm of fire appears!
The great blast of fire engulfs the orb of fire!!
The orb of fire partially resists.
The orb of fire is lightly damaged.
The great blast of fire engulfs your spellforged servitor!!
Your spellforged servitor partially resists.
Your spellforged servitor is moderately damaged.
The great blast of fire engulfs the red draconian!!!
The red draconian partially resists.
The red draconian is heavily wounded.
The great blast of fire engulfs the green draconian!!!
The green draconian is heavily wounded.
The great blast of fire engulfs the electric golem!!!
The electric golem partially resists.
The electric golem is almost destroyed.
You hear a roar!
The electric golem is engulfed in blazing flames.
The red draconian is engulfed in blazing flames.
The bolt of lightning hits your fire vortex!
Your fire vortex resists.
A bolt of lightning appears from out of your range of vision.
The green draconian is engulfed in blazing flames.
The green draconian is engulfed in blazing flames.
The green draconian hits your fire vortex with a +0 trident!!
The green draconian tail-slaps your fire vortex.
The red draconian is engulfed in blazing flames.
The red draconian hits your fire vortex with a +0 flail!
Your fire vortex completely misses the green draconian.
Your spellforged servitor is engulfed in blazing flames.
The electric golem completely misses you.
You block the electric golem's attack.
The electric golem hits you but does no damage.
The electric golem hits you.
You feel clever all of a sudden.
Your fire vortex hits the red draconian.
Your fire vortex burns the red draconian!
The red draconian resists.
Your fire vortex dissipates!
The electric golem hits you but does no damage. x2
The electric golem closely misses you. x2
The green draconian is engulfed in blazing flames.
The red draconian is engulfed in blazing flames.
The red draconian hits your fire vortex with a +0 flail!
Your fire vortex closely misses the orb of fire.
Your fire vortex hits the orb of fire.
Your fire vortex dissipates!
Casting: Fire Storm (dangerous; 6% risk of failure)
Confirm with . or Enter, or press ? or * to list all spells.
Aiming: Iron Shot (mildly dangerous; 1% risk of failure)
Press: ? - help, Shift-Dir - straight line, f - electric golem
Aim: an electric golem (almost destroyed, 59% to hit)
You feel a surge of power!
The iron shot hits the electric golem!!!!
You destroy the electric golem!
The orb of fire glows red.
The fireball explodes!
The fireball engulfs your fire vortex.
Your fire vortex completely resists.
The fireball engulfs the orb of fire.
The orb of fire completely resists.
The fireball engulfs your fire vortex.
Your fire vortex completely resists.
The fireball engulfs your spellforged servitor!
Your spellforged servitor resists.
The red draconian is engulfed in blazing flames.
Your fire vortex misses the orb of fire.
The orb of fire glows bright magenta.
The fireball explodes!
The fireball engulfs your fire vortex.
Your fire vortex completely resists.
The fireball engulfs the orb of fire.
The orb of fire completely resists.
The fireball engulfs your spellforged servitor!
Your spellforged servitor resists.
The fireball engulfs your fire vortex.
Your fire vortex completely resists.
You hear a roar!
Your fire vortex misses the orb of fire.
The orb of fire glows yellow.
The fireball explodes!
The fireball engulfs your fire vortex.
Your fire vortex completely resists.
The fireball engulfs the orb of fire.
The orb of fire completely resists.
The fireball engulfs your spellforged servitor!!
Your spellforged servitor resists.
The red draconian is engulfed in blazing flames.
Your fire vortex misses the orb of fire.
Your fire vortex hits the red draconian.
Your fire vortex burns the red draconian!
The red draconian resists.
Your fire vortex dissipates!
Your spellforged servitor gestures at the orb of fire while chanting.
The crystal spear hits the orb of fire!!
Your spellforged servitor gestures at the orb of fire while chanting.
The crystal spear hits the orb of fire!!!
Casting: Iron Shot (mildly dangerous; 1% risk of failure)
Confirm with . or Enter, or press ? or * to list all spells.
You don't know that spell.
Casting: Iron Shot (mildly dangerous; 1% risk of failure)
Confirm with . or Enter, or press ? or * to list all spells.
You feel a surge of power!
You summon a servant imbued with your destructive magic!
Your spellforged servitor disappears in a puff of smoke!
The red draconian breathes fire at you.
The searing blast hits the orb of fire.
The orb of fire completely resists.
The searing blast hits you. You resist.
Casting: Spellforged Servitor (mildly dangerous; 1% risk of failure)
Confirm with . or Enter, or press ? or * to list all spells.
Aiming: Iron Shot (mildly dangerous; 1% risk of failure)
Press: ? - help, Shift-Dir - straight line, f - orb of fire
Aim: an orb of fire (severely damaged, not watching you, 59% to hit)
You feel a surge of power!
The iron shot hits the orb of fire!!!
You destroy the orb of fire!
The red draconian breathes fire at you. The searing blast misses you.
The green draconian disappears!
Your spellforged servitor gestures at the red draconian while chanting.
The crystal spear hits the red draconian!!!!
The red draconian dies!
You see here a +0 rapier.
Your spellforged servitor gestures at the green draconian while chanting.
The crystal spear hits the green draconian!!!
The green draconian dies!
Your spellforged servitor disappears in a puff of smoke!
A black draconian knight comes into view.
It is wielding a +0 bardiche.
A green draconian comes into view. It is wielding a +0 long sword.
Casting: Iron Shot (mildly dangerous; 1% risk of failure)
Confirm with . or Enter, or press ? or * to list all spells.
Aiming: Fire Storm (dangerous; 6% risk of failure)
Press: ? - help, Dir - move target You feel a surge of power!
You miscast Fire Storm.
You are very lightly contaminated with residual magic.
The air around you burns with energy! You resist.
The black draconian knight roars!
The green draconian roars!
You hear a roar!
The black draconian knight casts a spell.
The black draconian knight seems to speed up.
Casting: Fire Storm (dangerous; 6% risk of failure)
Confirm with . or Enter, or press ? or * to list all spells.
Aiming: Fire Storm (dangerous; 6% risk of failure)
Press: ? - help, Dir - move target You feel a surge of power!
A raging storm of fire appears!
The great blast of fire engulfs the black draconian knight!!!!
The black draconian knight is almost dead.
The great blast of fire engulfs the green draconian!!!!
The green draconian is almost dead.
The black draconian knight is engulfed in blazing flames.
The green draconian is engulfed in blazing flames.
You kill the green draconian!
The black draconian knight is engulfed in blazing flames.
The black draconian knight breathes lightning at you.
The bolt of lightning misses you.
A purple draconian shifter comes into view.
It is wielding a +0 short sword.
The black draconian knight is engulfed in blazing flames.
Casting: Fire Storm (dangerous; 6% risk of failure)
Confirm with . or Enter, or press ? or * to list all spells.
Aiming: Fire Storm (dangerous; 6% risk of failure)
Press: ? - help, Dir - move target, f - black draconian knight
Aim: a black draconian knight, wielding a +0 bardiche and wearing a +0 cloak (flame, almost dead, fast)
You feel a surge of power!
A raging storm of fire appears!
The great blast of fire engulfs the black draconian knight!!!
You kill the black draconian knight!
The great blast of fire engulfs the purple draconian shifter!!!
The purple draconian shifter is severely wounded.
The purple draconian shifter is engulfed in blazing flames.
The purple draconian shifter casts a spell.
The purple draconian shifter blinks!
Casting: Fire Storm (dangerous; 6% risk of failure)
Confirm with . or Enter, or press ? or * to list all spells.
Aiming: Fire Storm (dangerous; 6% risk of failure)
Press: ? - help, Dir - move target, f - purple draconian shifter
Aim: a purple draconian shifter, wielding a +0 short sword and wearing a +1 cloak (almost dead)
You feel a surge of power!
A raging storm of fire appears!
The great blast of fire engulfs the purple draconian shifter!!!!
You kill the purple draconian shifter!
You feel a little less clever now.
The bolt of lightning hits your fire vortex!
Your fire vortex resists.
A bolt of lightning appears from out of your range of vision.
A black draconian comes into view. It is wielding a +0 spear.
Casting: Fire Storm (dangerous; 6% risk of failure)
Confirm with . or Enter, or press ? or * to list all spells.
Aiming: Fire Storm (dangerous; 6% risk of failure)
Press: ? - help, Dir - move target, f - black draconian
Aim: a black draconian, wielding a +0 spear (ally target)
A raging storm of fire appears!
The great blast of fire engulfs the black draconian!!!
The black draconian is severely wounded.
* * * LOW MAGIC WARNING * * *
The black draconian is engulfed in blazing flames.
The black draconian is engulfed in blazing flames.
The black draconian breathes lightning at you.
The bolt of lightning hits your fire vortex!
Your fire vortex resists.
The bolt of lightning hits you! You resist.
Your fire vortex hits the black draconian.
Your fire vortex burns the black draconian!
The black draconian dies!
Your fire vortex dissipates!
HP restored.
Your magical contamination has completely faded away.
Key pressed, stopping explore.
Key pressed, stopping explore.
Magic restored.
Things that are here:
a +0 short sword; a +1 cloak; a purple draconian corpse
o - 10 scrolls of enchant weapon (gained 1)
Things that are here:
a +0 spear; a black draconian corpse A storm dragon comes into view.
The storm dragon moves out of view.
The storm dragon roars deafeningly!
The storm dragon breathes lightning at you.
The bolt of lightning misses you.
A storm dragon is nearby!
A storm dragon is nearby!
Casting: Fire Storm (dangerous; 6% risk of failure)
Confirm with . or Enter, or press ? or * to list all spells.
You can't see any susceptible monsters within range! (Use Z to cast anyway.)
Casting: Fire Storm (dangerous; 6% risk of failure)
Confirm with . or Enter, or press ? or * to list all spells.
You summon a servant imbued with your destructive magic!
The storm dragon breathes lightning at you.
The bolt of lightning misses you.
The storm dragon breathes lightning at you.
The bolt of lightning hits you! You resist.
The storm dragon breathes lightning at you.
The bolt of lightning hits you. You resist.
Your spellforged servitor casts a spell at the storm dragon.
The crystal spear hits the storm dragon!!
The iron shot hits the storm dragon!!!
The storm dragon is severely wounded.
The iron shot hits the storm dragon!!!
You kill the storm dragon!
Your spellforged servitor disappears in a puff of smoke!
Found a short sword.
The +7 short sword of Giesix {elec, rElec Str+3} stops crackling.
You feel clever.
You feel agile.
The +5 sling of Fear {venom, rF+ Int+4 Dex+4} begins to drip with poison!
V - the +5 sling of Fear (weapon)
{venom, rF+ Int+4 Dex+4} An Orb Guardian comes into view.
Found a morningstar.
The Orb Guardian moves out of view.
Casting: Iron Shot (mildly dangerous; 1% risk of failure)
Confirm with . or Enter, or press ? or * to list all spells.
You summon a servant imbued with your destructive magic!
Your spellforged servitor points at the Orb Guardian and mumbles some strange words.
The crystal spear hits the Orb Guardian!!!!
The Orb Guardian dies!
Found a jewelled leather armour.
The Orb Guardian disappears!
An Orb Guardian comes into view. x2
An Orb Guardian comes into view.
You see here the +1 leather armour "Duff" {+Inv Dex+4}.
You swap places.
The Orb Guardian disappears!
Your spellforged servitor points at the Orb Guardian and mumbles some strange words.
The crystal spear hits the Orb Guardian!!!
The Orb Guardian hits your spellforged servitor but does no damage.
The Orb Guardian hits your spellforged servitor!
The Orb Guardian hits your spellforged servitor!
Your spellforged servitor casts a spell at the Orb Guardian.
The crystal spear hits the Orb Guardian!!!
The Orb Guardian dies!
Your spellforged servitor gestures at the Orb Guardian while chanting.
The crystal spear hits the Orb Guardian!!!
The Orb Guardian hits your spellforged servitor!!
The Orb Guardian hits your spellforged servitor!! x2
An Orb Guardian comes into view.
Your spellforged servitor points at the Orb Guardian and mumbles some strange words.
The crystal spear hits the Orb Guardian!!!
The Orb Guardian dies!
The Orb Guardian disappears!
The Orb Guardian moves out of view.
An Orb Guardian comes into view.
Found 2 javelins.
An Orb Guardian comes into view.
The Orb Guardian disappears!
You shoot a sling bullet. Something touches you!
Deactivating autopickup; reactivate with Ctrl-A.
The Orb Guardian disappears!
The Orb Guardian reappears nearby!
You hear some strange, mumbled words.
Something tries to affect you, but you resist.
You block the Orb Guardian's attack.
Casting: Spellforged Servitor (mildly dangerous; 1% risk of failure)
Confirm with . or Enter, or press ? or * to list all spells.
Aiming: Iron Shot (mildly dangerous; 1% risk of failure)
Press: ? - help, Shift-Dir - straight line, f - Orb Guardian
Aim: an Orb Guardian (ally target, 71% to hit)
The iron shot hits the Orb Guardian!!!
The Orb Guardian is severely wounded.
Something touches you. The Orb Guardian barely misses you.
Something touches you. You partially resist.
You feel drained.
The Orb Guardian hits you but does no damage.
Casting: Iron Shot (mildly dangerous; 1% risk of failure)
Confirm with . or Enter, or press ? or * to list all spells.
Aiming: Iron Shot (mildly dangerous; 1% risk of failure)
Press: ? - help, Shift-Dir - straight line, f/p - Orb Guardian
Aim: an Orb Guardian (severely wounded, ally target, 71% to hit)
The iron shot hits the Orb Guardian!!!
You kill the Orb Guardian!
Something touches you. You partially resist.
Your life force feels restored.
You shoot a sling bullet. Something touches you.
Something touches you but does no damage.
You're wearing all the rings you can.
Remove which one? (? for menu, Esc to cancel) < or
N - the ring of Cohum {rPois rCorr Int+6 Dex+2 Slay+3} > or
F - the ring "Forghapu" {rPois rN+ Will+ Stlth+} You remove the ring "Forghapu" {rPois rN+ Will+ Stlth+}.
Something touches you.
Reactivating autopickup.
y - a ring of see invisible (right hand)
An ancient lich comes into view.
The ancient lich completely misses you.
Unknown command.
Casting: Iron Shot (mildly dangerous; 1% risk of failure)
Confirm with . or Enter, or press ? or * to list all spells.
Aiming: Lehudib's Crystal Spear (dangerous; 4% risk of failure)
Press: ? - help, Shift-Dir - straight line, f - ancient lich
Aim: an ancient lich (fast, slightly transparent, 83% to hit)
The crystal spear hits the ancient lich!!!!
The ancient lich is severely damaged.
The ancient lich touches you! You partially resist.
You feel drained.
Casting: Lehudib's Crystal Spear (dangerous; 4% risk of failure)
Confirm with . or Enter, or press ? or * to list all spells.
Aiming: Lehudib's Crystal Spear (dangerous; 4% risk of failure)
Press: ? - help, Shift-Dir - straight line, f/p - ancient lich
Aim: an ancient lich (severely damaged, fast, slightly transparent, 83% to hit)
The crystal spear hits the ancient lich!!!
You destroy the ancient lich!
Your life force feels restored.
You're wearing all the rings you can.
Remove which one? (? for menu, Esc to cancel) < or
N - the ring of Cohum {rPois rCorr Int+6 Dex+2 Slay+3} > or
y - a ring of see invisible You remove your ring of see invisible.
F - the ring "Forghapu" (right hand) {rPois rN+ Will+ Stlth+} The Orb Guardian barely misses your spellforged servitor.
Your spellforged servitor casts a spell at the Orb Guardian.
The crystal spear hits the Orb Guardian!!!
The Orb Guardian hits your spellforged servitor!
The Orb Guardian hits your spellforged servitor but does no damage.
You see here the +1 leather armour "Duff" {+Inv Dex+4}.
The Orb Guardian hits your spellforged servitor!!!
Your spellforged servitor is destroyed!
Your spellforged servitor disappears in a puff of smoke!
Casting: Lehudib's Crystal Spear (dangerous; 4% risk of failure)
Confirm with . or Enter, or press ? or * to list all spells.
Aiming: Iron Shot (mildly dangerous; 1% risk of failure)
Press: ? - help, Shift-Dir - straight line, f - Orb Guardian
Aim: an Orb Guardian (severely wounded, wandering, hasn't noticed you, 71% to hit)
The iron shot hits the Orb Guardian!!
You kill the Orb Guardian!
You start resting.
An Orb Guardian comes into view.
The Orb Guardian moves out of view.
You start resting.
An Orb Guardian is nearby!
The Orb Guardian disappears!
You start resting.
HP restored.
You start resting.
An Orb Guardian comes into view.
Casting: Iron Shot (mildly dangerous; 1% risk of failure)
Confirm with . or Enter, or press ? or * to list all spells.
You summon a servant imbued with your destructive magic!
The Orb Guardian disappears!
You swap places.
You start resting.
Your spellforged servitor disappears in a puff of smoke!
An Orb Guardian is nearby!
Casting: Spellforged Servitor (mildly dangerous; 1% risk of failure)
Confirm with . or Enter, or press ? or * to list all spells.
You summon a servant imbued with your destructive magic!
Your spellforged servitor casts a spell at the Orb Guardian.
The crystal spear hits the Orb Guardian!!!
You block the Orb Guardian's attack. The Orb Guardian misses you.
Your spellforged servitor casts a spell at the Orb Guardian.
The crystal spear hits the Orb Guardian!!!!
The Orb Guardian dies!
Found the Orb of Zot.
An Orb Guardian comes into view.
An Orb Guardian is nearby!
Found a battleaxe.
You start resting.
An Orb Guardian is nearby!
An Orb Guardian is nearby!
The Orb Guardian disappears!
You start resting.
An Orb Guardian is nearby!
The Orb Guardian disappears!
An Orb Guardian comes into view.
The Orb Guardian moves out of view.
You start resting.
An Orb Guardian is nearby!
An Orb Guardian comes into view.
The Orb Guardian enters a dispersal trap!
The Orb Guardian blinks!
You blink.
The Orb Guardian moves out of view.
Casting: Spellforged Servitor (mildly dangerous; 1% risk of failure)
Confirm with . or Enter, or press ? or * to list all spells.
Aiming: Iron Shot (mildly dangerous; 1% risk of failure)
Press: ? - help, Shift-Dir - straight line, f - Orb Guardian
Aim: an Orb Guardian (71% to hit)
The iron shot hits the Orb Guardian!!!
The Orb Guardian is severely wounded.
The Orb Guardian disappears!
Casting: Iron Shot (mildly dangerous; 1% risk of failure)
Confirm with . or Enter, or press ? or * to list all spells.
Aiming: Iron Shot (mildly dangerous; 1% risk of failure)
Press: ? - help, Shift-Dir - straight line, f/p - Orb Guardian
Aim: an Orb Guardian (heavily wounded, ally target, 71% to hit)
The iron shot hits the Orb Guardian!!!
You kill the Orb Guardian!
Casting: Iron Shot (mildly dangerous; 1% risk of failure)
Confirm with . or Enter, or press ? or * to list all spells.
Aiming: Iron Shot (mildly dangerous; 1% risk of failure)
Press: ? - help, Shift-Dir - straight line, f - Orb Guardian
Aim: an Orb Guardian (ally target, 71% to hit)
The iron shot hits the Orb Guardian!!!
The Orb Guardian is almost dead.
Your spellforged servitor gestures at the Orb Guardian while chanting.
The crystal spear hits the Orb Guardian!!!
The Orb Guardian dies!
Your Fighting skill increases to level 19!
Your spellforged servitor disappears in a puff of smoke!
The Orb Guardian disappears!
You start resting.
An Orb Guardian is nearby!
Casting: Iron Shot (mildly dangerous; 1% risk of failure)
Confirm with . or Enter, or press ? or * to list all spells.
You summon a servant imbued with your destructive magic!
You block the Orb Guardian's attack.
Casting: Spellforged Servitor (mildly dangerous; 1% risk of failure)
Confirm with . or Enter, or press ? or * to list all spells.
Aiming: Iron Shot (mildly dangerous; 1% risk of failure)
Press: ? - help, Shift-Dir - straight line, f - Orb Guardian
Aim: an Orb Guardian (ally target, 71% to hit)
The iron shot hits the Orb Guardian!!!
The Orb Guardian is severely wounded.
The Orb Guardian hits you but does no damage.
Casting: Iron Shot (mildly dangerous; 1% risk of failure)
Confirm with . or Enter, or press ? or * to list all spells.
Aiming: Iron Shot (mildly dangerous; 1% risk of failure)
Press: ? - help, Shift-Dir - straight line, f/p - Orb Guardian
Aim: an Orb Guardian (severely wounded, ally target, 71% to hit)
The iron shot hits the Orb Guardian!!!
You kill the Orb Guardian!
* * * LOW MAGIC WARNING * * *
You start resting.
A Killer Klown comes into view.
It is wielding a +9 club of electrocution.
You swap places.
You start resting.
Your spellforged servitor disappears in a puff of smoke!
An Orb Guardian is nearby!
Casting: Iron Shot (mildly dangerous; 1% risk of failure)
Confirm with . or Enter, or press ? or * to list all spells.
You miscast Spellforged Servitor.
You are very lightly contaminated with residual magic.
Nothing appears to happen.
The Orb Guardian disappears!
You start resting.
Your magical contamination has completely faded away.
Casting: Spellforged Servitor (mildly dangerous; 1% risk of failure)
Confirm with . or Enter, or press ? or * to list all spells.
You summon a servant imbued with your destructive magic!
You start resting.
An Orb Guardian is nearby!
The Orb Guardian disappears!
You start resting.
An Orb Guardian is nearby!
Your spellforged servitor disappears in a puff of smoke!
Casting: Spellforged Servitor (mildly dangerous; 1% risk of failure)
Confirm with . or Enter, or press ? or * to list all spells.
You summon a servant imbued with your destructive magic!
The Orb Guardian completely misses you. The Orb Guardian hits you!!
Unknown command.
Casting: Spellforged Servitor (mildly dangerous; 1% risk of failure)
Confirm with . or Enter, or press ? or * to list all spells.
Aiming: Iron Shot (mildly dangerous; 1% risk of failure)
Press: ? - help, Shift-Dir - straight line, f - Orb Guardian
Aim: an Orb Guardian (ally target, 71% to hit)
The iron shot hits the Orb Guardian!!!
The Orb Guardian is severely wounded.
You block the Orb Guardian's attack.
The Orb Guardian attacks as you move away!
The Orb Guardian hits you. You block the Orb Guardian's attack.
Your spellforged servitor gestures at the Orb Guardian while chanting.
The crystal spear misses the Orb Guardian.
You block the Orb Guardian's attack.
Your spellforged servitor casts a spell at the Orb Guardian.
The crystal spear hits the Orb Guardian!!!
The Orb Guardian dies!
You start resting.
HP restored.
You start resting.
Your spellforged servitor disappears in a puff of smoke!
An Orb Guardian is nearby!
Casting: Iron Shot (mildly dangerous; 1% risk of failure)
Confirm with . or Enter, or press ? or * to list all spells.
You summon a servant imbued with your destructive magic!
Your spellforged servitor points at the Orb Guardian and mumbles some strange words.
The crystal spear hits the Orb Guardian!!!
Your spellforged servitor casts a spell at the Orb Guardian.
The crystal spear hits the Orb Guardian!!!
The Orb Guardian dies!
Training target 10.0 for Translocations reached!
Your Translocations skill increases to level 10!
Your spellforged servitor disappears in a puff of smoke!
Magic restored.
An Orb Guardian is nearby!
Casting: Spellforged Servitor (mildly dangerous; 1% risk of failure)
Confirm with . or Enter, or press ? or * to list all spells.
You summon a servant imbued with your destructive magic!
The Orb Guardian hits you! The Orb Guardian completely misses you.
Your spellforged servitor gestures at the Orb Guardian while chanting.
The crystal spear hits the Orb Guardian!!!
The Orb Guardian hits your spellforged servitor!!
Your spellforged servitor points at the Orb Guardian and mumbles some strange words.
The crystal spear hits the Orb Guardian!!
The Orb Guardian dies!
You see here the Orb of Zot.
You start resting.
HP restored.
You start resting.
Magic restored.
You feel yourself speed up.
You pick up the Orb of Zot!
The Orb lets out a hideous shriek!
The lords of Pandemonium are not amused.
Beware!
Now all you have to do is get back out of the dungeon!
You hear a shout! x4; You hear a deafening roar!
You hear a shout!
You see here a +0 spear.
You see here a +0 rapier.
A tormentor comes into view.
Casting: Spellforged Servitor (mildly dangerous; 1% risk of failure)
Confirm with . or Enter, or press ? or * to list all spells.
Aiming: Iron Shot (mildly dangerous; 1% risk of failure)
Press: ? - help, Shift-Dir - straight line, f - tormentor
Aim: a tormentor (74% to hit)
The iron shot hits the tormentor!!!
The tormentor is almost dead.
Casting: Iron Shot (mildly dangerous; 1% risk of failure)
Confirm with . or Enter, or press ? or * to list all spells.
Aiming: Iron Shot (mildly dangerous; 1% risk of failure)
Press: ? - help, Shift-Dir - straight line, f/p - tormentor
Aim: a tormentor (almost dead, 74% to hit)
The iron shot hits the tormentor!!!
You kill the tormentor!
(D) Dungeon (T) Temple (L) Lair (A) Shoals (N) Spider Nest (M) Slime Pits (O) Orcish Mines (E) Elven Halls (V) Vaults (C) Crypt (W) Tomb (U) Depths (H) Hell (Z) Zot
Where to? (Enter - Zot:5 @ (x,y), ? - help)
Your extra speed is starting to run out.
You see here a +0 trident.
You feel yourself slow down.
You see here a +0 club.
There is a stone staircase leading up here.
You climb upwards.
There is a stone staircase leading down here.
A Tzitzimitl comes into view.
Casting: Iron Shot (mildly dangerous; 1% risk of failure)
Confirm with . or Enter, or press ? or * to list all spells.
Aiming: Fire Storm (dangerous; 4% risk of failure)
Press: ? - help, Dir - move target A raging storm of fire appears!
The great blast of fire engulfs the Tzitzimitl!!!
The Tzitzimitl is heavily wounded.
The Tzitzimitl is engulfed in blazing flames.
Casting: Fire Storm (dangerous; 4% risk of failure)
Confirm with . or Enter, or press ? or * to list all spells.
Aiming: Fire Storm (dangerous; 4% risk of failure)
Press: ? - help, Dir - move target A raging storm of fire appears!
The great blast of fire engulfs the Tzitzimitl!!!
You kill the Tzitzimitl!
(D) Dungeon (T) Temple (L) Lair (A) Shoals (N) Spider Nest (M) Slime Pits (O) Orcish Mines (E) Elven Halls (V) Vaults (C) Crypt (W) Tomb (U) Depths (H) Hell (Z) Zot
Where to? (Enter - Zot:3 @ (x,y), ? - help) 2 large abominations come into view.
You enter the shallow water.
Moving in this stuff is going to be slow.
A green death comes into view.
An Executioner comes into view.
The green death gestures at you. The bolt of poison hits you!
You are poisoned.
You resist.
You feel very sick. The green death gestures at you. The poison arrow hits you!
You are more poisoned.
You partially resist.
You feel very sick.
You feel very sick.
You feel very sick. The green death gestures at you.
The bolt of poison hits you. You resist.
You feel very sick.
You feel very sick.
You feel sick.
There is a stone staircase leading up here.
You feel sick. The green death gestures at you. The poison arrow misses you.
You climb upwards.
Level annotation: exclusions: downstairs and 3 upstairs You feel sick.
There is a stone staircase leading down here.
You feel sick.
You feel sick.
You feel sick.
You feel sick.
You are no longer poisoned.
There is a stone staircase leading up here.
You start resting.
HP restored.
You start resting.
Magic restored.
You climb upwards.
There is a stone staircase leading down, spattered with blood here.
You see here a +0 flail.
There is a stone staircase leading up here.
You climb upwards.
Level annotation: exclusion: downstairs A Brimstone Fiend comes into view.
There is a stone staircase leading down here.
Casting: Fire Storm (dangerous; 4% risk of failure)
Confirm with . or Enter, or press ? or * to list all spells.
You summon a servant imbued with your destructive magic!
Unknown command.
Casting: Spellforged Servitor (mildly dangerous; 1% risk of failure)
Confirm with . or Enter, or press ? or * to list all spells.
You can't see any susceptible monsters within range! (Use Z to cast anyway.) Unknown command.
Why would you want to do that?
Unknown command.
Your spellforged servitor casts a spell at the Brimstone Fiend.
The crystal spear hits the Brimstone Fiend!!
The Brimstone Fiend calls on the powers of darkness!
Your body is wracked with pain!
Your spellforged servitor points at the Brimstone Fiend and mumbles some strange words.
The crystal spear hits the Brimstone Fiend!!!
The Brimstone Fiend dies!
You see here a +0 battleaxe.
There is an open door, spattered with blood here.
Magic restored.
A shadow demon comes into view.
The shadow demon gives a loud, deep croak!
Casting: Spellforged Servitor (mildly dangerous; 1% risk of failure)
Confirm with . or Enter, or press ? or * to list all spells.
Aiming: Lehudib's Crystal Spear (dangerous; 4% risk of failure)
Press: ? - help, Shift-Dir - straight line, f - shadow demon
Aim: a shadow demon (79% to hit)
The crystal spear hits the shadow demon!!!
You kill the shadow demon!
(D) Dungeon (T) Temple (L) Lair (A) Shoals (N) Spider Nest (M) Slime Pits (O) Orcish Mines (E) Elven Halls (V) Vaults (C) Crypt (W) Tomb (U) Depths (H) Hell (Z) Zot
Where to? (Enter - Zot:1 @ (x,y), ? - help)
The black draconian roars!
Casting: Lehudib's Crystal Spear (dangerous; 4% risk of failure)
Confirm with . or Enter, or press ? or * to list all spells.
You summon a servant imbued with your destructive magic!
The black draconian breathes lightning at you.
The bolt of lightning hits you!!
Your spellforged servitor points at the black draconian and mumbles some strange words.
The crystal spear hits the black draconian!!!
Your spellforged servitor points at the black draconian and mumbles some strange words.
The crystal spear hits the black draconian!!!
The black draconian dies!
There is a gate leading back out of this place here.
You start resting.
A demonic crawler comes into view.
A demonic crawler is nearby!
The demonic crawler shrieks in warning!
The demonic crawler shrieks in warning!
Your spellforged servitor casts a spell at the demonic crawler.
The crystal spear hits the demonic crawler!!!
The demonic crawler dies!
You start resting.
HP restored.
You start resting.
Your spellforged servitor disappears in a puff of smoke!
Magic restored.
You go up through the gate.
Welcome back to the Depths!
There is a gate to the Realm of Zot here.
There is an open gate here.
An efreet comes into view.
It is wielding a +1 scimitar of flaming.
There is a stone staircase leading up here.
You climb upwards.
Level annotation: exclusion: upstairs
There is a stone staircase leading down here.
The daeva calls down the wrath of the Shining One upon you.
The Shining One smites you!
The daeva calls down the wrath of the Shining One upon you.
The Shining One smites you!
You enter the shallow water.
Moving in this stuff is going to be slow.
You enter the shallow water.
Moving in this stuff is going to be slow.
Things that are here:
a +0 plate armour; a +2 demon trident An ice devil comes into view.
There is a stone staircase leading up, spattered with blood here.
There is a stone staircase leading up, spattered with blood here.
You see here +0 gold dragon scales.
You climb upwards.
A tormentor comes into view.
There is a stone staircase leading down, spattered with blood here.
A tormentor is nearby!
The tormentor moves out of view.
Things that are here:
a +0 robe; a +0 dagger
There is a stone staircase leading up here.
You climb upwards.
There is a stone staircase leading down here.
There is a staircase back to the Dungeon, spattered with blood here.
You climb upwards.
Welcome back to the Dungeon!
There is a staircase to the Depths here.
There is a stone staircase leading up, spattered with blood here.
You climb upwards.
There is a stone staircase leading down here.
There is a stone staircase leading up here.
You climb upwards.
There is a stone staircase leading down here.
There is an open door here.
There is an open door, spattered with blood here.
You see here a +0 plate armour.
There is an open door here.
There is an escape hatch in the ceiling here.
A mysterious force pulls you upwards. The hatch slams shut behind you.
A reaper comes into view. It is wielding a +2 vorpal scythe.
Casting: Spellforged Servitor (mildly dangerous; 1% risk of failure)
Confirm with . or Enter, or press ? or * to list all spells.
You summon a servant imbued with your destructive magic!
Your spellforged servitor casts a spell at the reaper.
The crystal spear hits the reaper!!!
The reaper hits your spellforged servitor from afar with a +2 vorpal scythe!!!
The reaper hits your spellforged servitor from afar with a +2 vorpal scythe!
You see here a +0 hand axe.
There is a stone staircase leading up, spattered with blood here.
You climb upwards.
Level annotation: Fannar
There is a stone staircase leading down here.
Magic restored.
There is an open door here.
There is an open door here.
A demonic crawler comes into view.
Casting: Spellforged Servitor (mildly dangerous; 1% risk of failure)
Confirm with . or Enter, or press ? or * to list all spells.
You summon a servant imbued with your destructive magic!
Your spellforged servitor gestures at the demonic crawler while chanting.
The crystal spear hits the demonic crawler!!!
The demonic crawler dies!
An Orb Guardian comes into view.
The Orb Guardian moves out of view.
There is a stone staircase leading up here.
You climb upwards.
Level annotation: exclusion: downstairs
There is a stone staircase leading down here.
You open the door.
There is an open door here.
There is an open door here.
Magic restored.
There is an escape hatch in the ceiling here.
A mysterious force pulls you upwards. The hatch slams shut behind you.
There is a stone staircase leading up here.
You climb upwards.
There is a stone staircase leading down here.
A rust devil comes into view.
You can't go up here!
Casting: Spellforged Servitor (mildly dangerous; 1% risk of failure)
Confirm with . or Enter, or press ? or * to list all spells.
You summon a servant imbued with your destructive magic!
Your spellforged servitor casts a spell at the rust devil.
The crystal spear hits the rust devil!!
The rust devil barely misses your spellforged servitor.
The rust devil hits your spellforged servitor.
Your spellforged servitor seems to be corroded for longer.
The rust devil barely misses your spellforged servitor.
There is a stone staircase leading up, spattered with blood here.
Your spellforged servitor points at the rust devil and mumbles some strange words.
The crystal spear hits the rust devil!!!
The rust devil dies!
You climb upwards.
There is a stone staircase leading down here.
There is a stone staircase leading up here.
Magic restored.
You climb upwards.
There is a stone staircase leading down here.
There is a stone staircase leading up here.
You climb upwards.
There is a stone staircase leading down here.
A blizzard demon comes into view.
Casting: Spellforged Servitor (mildly dangerous; 1% risk of failure)
Confirm with . or Enter, or press ? or * to list all spells.
You summon a servant imbued with your destructive magic!
Casting: Spellforged Servitor (mildly dangerous; 1% risk of failure)
Confirm with . or Enter, or press ? or * to list all spells.
Aiming: Iron Shot (mildly dangerous; 1% risk of failure)
Press: ? - help, Shift-Dir - straight line, f - blizzard demon
Aim: a blizzard demon (ally target, 79% to hit)
The iron shot misses the blizzard demon.
The blizzard demon gestures at you. The bolt of lightning misses you.
The bolt of lightning hits you!
Your spellforged servitor casts a spell at the blizzard demon.
The crystal spear hits the blizzard demon!!!
You shoot a sling bullet.
The sling bullet hits the blizzard demon but does no damage.
The blizzard demon is severely wounded.
Your spellforged servitor points at the blizzard demon and mumbles some strange words.
The crystal spear hits the blizzard demon!!!
The blizzard demon dies!
There is a stone staircase leading up here.
You climb upwards.
Your summoned ally is left behind.
There is a stone staircase leading down here.
HP restored. 2 sun demons come into view.
You can't go up here!
Casting: Iron Shot (mildly dangerous; 1% risk of failure)
Confirm with . or Enter, or press ? or * to list all spells.
You summon a servant imbued with your destructive magic!
You swap places.
Your spellforged servitor gestures at the sun demon while chanting.
The crystal spear hits the sun demon!!
You see here a +0 spear.
Your spellforged servitor casts a spell at the sun demon.
The crystal spear misses the sun demon.
There is a stone staircase leading up here.
You climb upwards.
There is a stone staircase leading down here.
There is a stone staircase leading up here.
You climb upwards.
There is a stone staircase leading down here.
Magic restored.
There is a stone staircase leading up here.
You climb upwards.
An Orb Guardian comes into view.
There is a stone staircase leading down here.
An Orb Guardian is nearby!
You feel yourself speed up.
You open the door.
There is an open door here.
Casting: Spellforged Servitor (mildly dangerous; 1% risk of failure)
Confirm with . or Enter, or press ? or * to list all spells.
You summon a servant imbued with your destructive magic!
Your spellforged servitor gestures at the Orb Guardian while chanting.
The crystal spear hits the Orb Guardian!!
An Orb Guardian is nearby!
Your spellforged servitor gestures at the Orb Guardian while chanting.
The crystal spear hits the Orb Guardian!!
The Orb Guardian hits your spellforged servitor.
The Orb Guardian hits your spellforged servitor!
The Orb Guardian hits your spellforged servitor!
A Tzitzimitl comes into view.
Casting: Spellforged Servitor (mildly dangerous; 1% risk of failure)
Confirm with . or Enter, or press ? or * to list all spells.
Aiming: Fire Storm (dangerous; 4% risk of failure)
Press: ? - help, Dir - move target A raging storm of fire appears!
The great blast of fire engulfs the Tzitzimitl!!!!
The Tzitzimitl is almost dead.
Something closely misses your spellforged servitor.
Casting: Fire Storm (dangerous; 4% risk of failure)
Confirm with . or Enter, or press ? or * to list all spells.
Aiming: Fire Storm (dangerous; 4% risk of failure)
Press: ? - help, Dir - move target A raging storm of fire appears!
The great blast of fire engulfs the Tzitzimitl!!!!
You kill the Tzitzimitl!
You hear a bark!
Something hits your spellforged servitor!!
Your Earth Magic skill increases to level 11!
An Orb Guardian comes into view.
You feel clever all of a sudden.
Casting: Fire Storm (dangerous; 4% risk of failure)
Confirm with . or Enter, or press ? or * to list all spells.
Aiming: Iron Shot (mildly dangerous; 1% risk of failure)
Press: ? - help, Shift-Dir - straight line, f - Orb Guardian
Aim: an Orb Guardian (75% to hit)
You feel a surge of power!
The iron shot hits the Orb Guardian!!!
The Orb Guardian is severely wounded.
Casting: Iron Shot (mildly dangerous; 1% risk of failure)
Confirm with . or Enter, or press ? or * to list all spells.
Aiming: Iron Shot (mildly dangerous; 1% risk of failure)
Press: ? - help, Shift-Dir - straight line, f/p - Orb Guardian
Aim: an Orb Guardian (severely wounded, ally target, 75% to hit)
You feel a surge of power!
The iron shot hits the Orb Guardian!!!
You kill the Orb Guardian!
The Orb Guardian hits your spellforged servitor.
Your spellforged servitor casts a spell at the Orb Guardian.
The crystal spear hits the Orb Guardian!!!
The Orb Guardian dies!
You have finished your manual of Fighting and toss it away.
The jackal bites your fire vortex.
(D) Dungeon (T) Temple (L) Lair (A) Shoals (N) Spider Nest (M) Slime Pits (O) Orcish Mines (E) Elven Halls (V) Vaults (C) Crypt (W) Tomb (U) Depths (H) Hell (Z) Zot
Where to? (Enter - D:1 @ (x,y), ? - help)
A jackal is nearby!
A jackal comes into view.
There is an open door here.
Your extra speed is starting to run out.
There is a staircase leading out of the dungeon here.
You have escaped!

...#.............................
...............................#.
.........................#.###.#.
##.#.......#####'#####...#.# #.#.
...........#PPP#.#PPP#...#.# #.#.
##.#....h..#P⌠P#.#P⌠P#...#.# #.#.
...'.......#PPP#.#PPP#...#.# #.#.
##.#.......#####.#####...#.###.#.
...#.......h..h.@....+...........
.#.........#####.#####...#####.##
.#.####....#PPP#.#PPP#...# #.#
.#.# #....#P⌠P#.#P⌠P#...# #.#
.#.# #....#PPP#.#PPP#.### #.#
.#.####....#####+#####.# #.#
.#.....................#######.#
.#...(.>.......................#
.#.####.†.###.##################


You could see 2 jackals.

Vanquished Creatures
  2 dread liches (Crypt:3)
  5 ancient liches
  2 orbs of fire (Zot:5)
  Josephina (Crypt:1)
  Margery (Depths:3)
  A curse toe (Zot:1)
  2 caustic shrikes
  4 golden dragons
  A bone dragon (Crypt:3)
  2 Tzitzimimeh
  An electric golem (Zot:5)
  Jorgrun (Shoals:2)
  4 tentacled monstrosities
  Mlioglotl (Shoals:1)
  A deep elf master archer (Elf:3)
  10 Orb Guardians
  7 quicksilver dragons
  A walking divine tome (Depths:4)
  2 liches
  A death cob (Zot:3)
  3 krakens
  4 sphinxes
  Gastronok (Lair:1)
  4 tengu reavers (Vaults:5)
  Donald (Shoals:1)
  2 shadow dragons (Zot:1)
  Kirke (D:12)
  2 strange machines (WizLab)
  4 storm dragons
  3 draconian monks (Zot:5)
  2 revenants
  5 frost giants
  6 deep elf sorcerers
  5 fire giants
  2 emperor scorpions (Spider:4)
  2 draconian knights
  An iron dragon (Depths:3)
  4 ghost moths
  12 vault wardens
  An orc warlord (Orc:2)
  3 draconian scorchers (Zot:4)
  9 draconian stormcallers
  5 ghouls
  Aizul (Shoals:1)
  A curse skull (Crypt:3)
  5 draconian shifters
  2 deep elf elementalists (Elf:3)
  2 draconian annihilators (Zot:1)
  4 ironbound preservers
  8 stone giants
  3 war gargoyles
  23 very ugly things
  4 ironbound thunderhulks
  9 vampire knights
  2 deep elf demonologists
  7 green draconians
  Nessos (Lair:4)
  5 deep elf annihilators
  3 yellow draconians
  5 purple draconians
  A black draconian (Depths:4)
  6 red draconians
  10 deep elf death magi
  2 halazid warlocks (Desolation)
  A white draconian (Zot:3)
  7 spark wasps
  5 merfolk javelineers (Shoals:4)
  An eidolon (Crypt:1)
  A crystal guardian (Desolation)
  9 ettins
  Snorg (D:12)
  A quicksilver dragon zombie (Crypt:3)
  4 merfolk impalers
  9 jiangshi
  2 ragged hierophants (Desolation)
  5 great orbs of eyes
  4 deep elf high priests
  6 entropy weavers
  4 fire dragons
  14 yaktaur captains
  6 spriggan air magi
  A spriggan zombie (Crypt:3)
  4 ice dragons
  A salamander tyrant (Depths:2)
  4 merfolk avatars
  6 rakshasas
  A catoblepas (Lair:2)
  6 hydras
  A caustic shrike simulacrum (Crypt:2)
  8 centaur warriors
  6 peacekeepers (Desolation)
  3 radroaches (Spider:2)
  37 vault guards
  4 ironbound frosthearts
  8 boulder beetles
  A spriggan skeleton (Crypt:3)
  A jorogumo (Spider:3)
  4 ogre magi (Vaults:5)
  2 juggernaut simulacra (Crypt:2)
  2 merfolk aquamancers (Shoals:4)
  5 two-headed ogres
  A satyr (Shoals:4)
  6 death yaks
  6 deep troll shamans
  7 vampire magi
  8 deep troll earth magi
  A tengu warrior (Depths:3)
  4 thrashing horrors (Lair:5)
  3 orc high priests (Orc:2)
  A titan zombie (Depths:3)
  2 spriggan berserkers
  Nergalle (D:12)
  4 hell knights
  12 deep elf knights
  8 shadow wraiths (Crypt:2)
  A sun moth (Spider:3)
  A titan skeleton (Crypt:2)
  21 skeletal warriors
  3 iron trolls
  10 sea snakes
  A sixfirhy (Depths:4)
  Amaemon (Lair:3)
  11 pharaoh ants
  A quicksilver dragon simulacrum (Crypt:2)
  A steelbarb worm (Spider:2)
  A shadow demon (Zot:1)
  23 deep trolls
  12 orb spiders
  A golden dragon zombie (Crypt:1)
  15 ironbound convokers
  4 wizards
  2 flayed ghosts
  11 orc knights
  A golden dragon skeleton (Depths:2)
  6 lindwurms
  A bog body (Crypt:2)
  8 phantasmal warriors
  3 spriggan simulacra (Crypt:2)
  A shadow dragon zombie (Depths:3)
  A harpy (shapeshifter) (Elf:3)
  An anaconda skeleton (Crypt:3)
  13 deep elf archers
  19 deep elf zephyrmancers
  An iron dragon zombie (D:15)
  10 harpies
  27 deep elf pyromancers
  A salamander (Depths:2)
  6 necromancers
  31 ugly things
  5 fauns
  6 orc sorcerers
  4 slime creatures
  23 wolf spiders
  4 cyclopes
  A fire giant zombie (D:15)
  13 manticores
  9 merfolk sirens
  A guardian serpent (shapeshifter) (Elf:2)
  10 moths of wrath
  20 elephants
  6 black mambas
  A guardian serpent (Desolation)
  A water nymph (shapeshifter) (Vaults:5)
  6 fire giant skeletons (Crypt:3)
  A centaur zombie (Crypt:3)
  18 vault sentinels
  A black mamba (shapeshifter) (Elf:2)
  6 torpor snails
  2 smoke demons (Lair:5)
  10 water nymphs
  Maurice (D:8)
  4 gargoyles (Crypt:3)
  15 cane toads
  2 orange demons
  A centaur skeleton (Crypt:3)
  3 unseen horrors
  A rust devil (Depths:4)
  A grey draconian zombie (Crypt:2)
  2 naga skeletons (Crypt:3)
  2 rime drakes
  20 yaktaurs
  A spark wasp simulacrum (Depths:3)
  A yaktaur (shapeshifter) (Elf:3)
  A tormentor (Zot:5)
  5 demonic crawlers
  2 efreet
  7 freezing wraiths
  An ice devil (Depths:2)
  8 komodo dragons
  2 ancient zymes (Lair:5)
  A tengu conjurer (D:15)
  2 meliai (shapeshifter)
  9 meliai
  3 polar bears
  2 red devils (Depths:4)
  A queen bee (Lair:3)
  A harpy zombie (Crypt:3)
  23 merfolk
  7 trolls
  2 shadow dragon simulacra
  2 wind drakes (shapeshifter)
  23 saltlings
  6 wind drakes
  8 hornets
  10 snapping turtles
  17 tarantellas
  18 blink frogs
  4 dream sheep (Lair:5)
  2 harpy skeletons (Crypt:3)
  An ettin zombie (D:15)
  A black mamba zombie (Crypt:3)
  5 flying skulls
  A snapping turtle (shapeshifter) (Elf:2)
  4 fire dragon skeletons (Crypt:3)
  An ice dragon skeleton (Crypt:2)
  Sigmund (D:3)
  2 spriggans (Lair:5)
  21 jumping spiders
  12 culicivoras
  A naga simulacrum (Crypt:2)
  A spriggan (shapeshifter) (Elf:1)
  5 shadows
  12 wraiths
  A wind drake zombie (Crypt:1)
  3 vampires
  21 water elementals
  3 ynoxinuls (Lair:5)
  A dire elephant simulacrum (Crypt:2)
  2 fire elementals (Elf:1)
  Grum (D:8)
  A hog (shapeshifter) (Elf:3)
  9 humans
  2 chaos spawn (Lair:5)
  5 wyverns
  43 yaks
  8 basilisks
  A redback (shapeshifter) (Vaults:5)
  A hog (D:12)
  5 steam dragons
  A deep troll zombie (Crypt:1)
  33 redbacks
  4 vampire mosquitoes (D:11)
  A human zombie (D:15)
  2 neqoxecs
  5 wargs
  An acid dragon (D:10)
  A water moccasin (shapeshifter) (Elf:3)
  A fire bat zombie (Crypt:1)
  14 water moccasins
  A nameless horror (Depths:4)
  15 dancing weapons
  34 orc warriors
  A deep troll skeleton (Crypt:1)
  2 large abominations (Lair:5)
  9 ogres
  A black mamba simulacrum (Crypt:2)
  2 fire dragon simulacra
  An ettin simulacrum (Crypt:2)
  12 centaurs
  39 wolves
  5 boggarts (D:14)
  A kobold brigand (D:8)
  A salamander zombie (Crypt:2)
  A draconian zombie (Crypt:2)
  8 bullfrogs
  3 gnoll sergeants
  4 necrophages
  7 scorpions
  7 earth elementals
  3 wights
  A hornet simulacrum (D:14)
  A water moccasin skeleton (Crypt:2)
  27 killer bees
  4 vampire bats (Orc:1)
  2 electric eels (Elf:3)
  4 howler monkeys
  2 hounds
  A jelly (shapeshifter) (Vaults:5)
  18 orc priests
  A jelly (D:7)
  A gnoll bouda (D:9)
  A human skeleton (Crypt:2)
  Terence (D:2)
  5 iguanas
  22 orc wizards
  2 hell rats (Lair:3)
  A boggart skeleton (Crypt:1)
  8 small abominations (Lair:5)
  An ogre skeleton (Crypt:1)
  22 gnolls
  9 adders
  3 white imps
  An ufetubus (D:4)
  4 worms
  6 dart slugs
  58 orcs
  8 ball pythons
  12 bats
  7 endoplasms
  6 giant cockroaches
  5 hobgoblins
  14 jackals
  12 quokkas
  2 frilled lizards (D:1)
  A frilled lizard skeleton (Crypt:2)
  12 goblins
  6 kobolds
  6 rats
  A pillar of salt (Desolation)
  6 tentacles
1803 creatures vanquished.

Vanquished Creatures (collateral kills)
  2 dread liches (Zot:5)
  3 ancient liches (Zot:5)
  An orb of fire (Zot:1)
  Vv (Crypt:1)
  Saint Roka (Vaults:5)
  A curse toe (Zot:4)
  3 caustic shrikes (Depths:3)
  Nikola (Spider:4)
  3 golden dragons
  A Brimstone Fiend (Zot:1)
  5 tentacled monstrosities
  14 Orb Guardians
  A lich (Crypt:2)
  Asterion (Depths:2)
  2 deep elf blademasters (Elf:3)
  A walking frostbound tome (WizLab)
  A sphinx (Vaults:5)
  3 quicksilver dragons
  A death cob (Zot:5)
  2 tengu reavers
  A draconian knight (Zot:4)
  6 storm dragons
  An azure jelly (shapeshifter) (Depths:3)
  A draconian monk (Zot:3)
  A revenant (Crypt:2)
  A shadow dragon (Depths:4)
  5 frost giants
  6 vault wardens
  A fire giant (Depths:3)
  4 deep elf sorcerers (Elf:3)
  3 emperor scorpions
  A frost giant (shapeshifter) (Vaults:5)
  3 iron dragons
  A balrug (Depths:4)
  3 deep elf elementalists (Elf:3)
  2 draconian annihilators
  Louise (Spider:2)
  4 ghouls
  A draconian stormcaller (Depths:4)
  A draconian shifter (Zot:1)
  9 very ugly things
  10 ironbound preservers
  A caustic shrike skeleton (Crypt:1)
  2 war gargoyles
  A broodmother (Spider:3)
  8 stone giants
  7 black draconians
  6 ironbound thunderhulks
  2 vampire knights
  A spark wasp (Depths:3)
  5 deep elf annihilators
  4 green draconians
  4 white draconians
  A deep elf demonologist (Elf:1)
  5 yellow draconians
  2 red draconians
  2 purple draconians
  A blizzard demon (D:5)
  A jiangshi (Crypt:1)
  2 crystal guardians (Desolation)
  2 eidola
  4 deep elf death magi
  4 merfolk impalers
  7 deep elf high priests (Elf:3)
  2 fire dragons
  3 yaktaur captains
  A merfolk javelineer (Shoals:4)
  7 ettins
  3 entropy weavers
  3 ragged hierophants (Desolation)
  2 peacekeepers (Desolation)
  4 rakshasas
  A salamander tyrant (Depths:2)
  3 ice dragons
  2 spriggan air magi
  A merfolk aquamancer (Shoals:4)
  6 vault guards
  4 centaur warriors
  4 servants of whispers
  A radroach (Spider:2)
  An alligator snapping turtle (Shoals:3)
  3 jorogumos (Spider:2)
  4 boulder beetles
  2 ironbound frosthearts
  A tengu warrior (Depths:1)
  4 dancing weapons (WizLab)
  2 satyrs (Shoals:4)
  6 deep troll shamans
  A spriggan berserker (Depths:2)
  6 deep troll earth magi
  A hell knight (Depths:3)
  2 titan skeletons (Crypt:3)
  8 skeletal warriors
  7 iron trolls
  26 deep trolls
  A shadow wraith (Vaults:5)
  3 flayed ghosts
  3 pharaoh ants (Spider:1)
  A shadow demon (Depths:2)
  A storm dragon skeleton (Vaults:5)
  A glowing orange brain (Vaults:4)
  A salamander mystic (Depths:2)
  2 sea snakes
  3 steelbarb worms
  4 ironbound convokers
  4 deep elf archers (Elf:1)
  A spriggan simulacrum (Crypt:2)
  3 phantasmal warriors
  4 lindwurms
  5 deep elf zephyrmancers
  8 orb spiders
  3 harpies
  2 necromancers
  19 wolf spiders
  6 deep elf pyromancers
  A shadow dragon skeleton (Depths:2)
  15 ugly things
  2 fauns (Shoals:4)
  3 salamanders (Depths:2)
  A stone giant skeleton (Crypt:1)
  A rust devil (D:8)
  15 moths of wrath
  3 manticores
  A human skeleton (Crypt:2)
  6 vault sentinels
  A molten gargoyle (Desolation)
  3 torpor snails
  2 merfolk sirens
  A guardian serpent (Desolation)
  4 fire giant skeletons (Crypt:3)
  A water nymph (Shoals:1)
  An emperor scorpion simulacrum (Crypt:1)
  A smoke demon (Depths:2)
  A water nymph (shapeshifter) (Vaults:5)
  A storm dragon simulacrum (Crypt:2)
  4 demonic crawlers
  13 yaktaurs
  9 freezing wraiths (Crypt:2)
  An ice devil (Depths:2)
  3 tengu conjurers (Depths:2)
  A yaktaur skeleton (Vaults:5)
  9 merfolk
  A queen bee (D:10)
  4 hornets
  2 trolls (Vaults:5)
  14 saltlings (Desolation)
  7 slime creatures
  7 tarantellas
  3 snapping turtles
  2 fire dragon skeletons (Crypt:3)
  A flying skull (Crypt:1)
  2 centaur simulacra (Crypt:2)
  A ynoxinul (Depths:4)
  14 culicivoras
  16 jumping spiders
  A merfolk skeleton (Crypt:3)
  A culicivora (shapeshifter) (Vaults:5)
  An orc simulacrum (Crypt:1)
  A wraith (Crypt:2)
  A yak (D:12)
  A dire elephant simulacrum (Crypt:2)
  A spriggan (shapeshifter) (Depths:4)
  3 vampires (Crypt:3)
  2 water elementals
  An ettin skeleton (Crypt:2)
  A wyvern (D:9)
  33 redbacks
  A warg (Vaults:5)
  A glowing shapeshifter zombie (Depths:2)
  2 harpy simulacra
  A hydra simulacrum (Crypt:2)
  5 orc warriors
  A black bear (shapeshifter) (Vaults:5)
  An ettin simulacrum (Vaults:5)
  An ogre (Vaults:5)
  A centaur (D:9)
  A kobold brigand (D:9)
  3 scorpions (Spider:2)
  A demonspawn simulacrum (Crypt:2)
  5 wights
  A gnoll bouda (D:8)
  An orc wizard (Vaults:5)
  A hound zombie (Crypt:2)
  A gnoll (D:8)
  4 orcs
639 creatures vanquished.

Vanquished Creatures (others)
  A halazid warlock (Desolation)
  A deep troll shaman (Depths:2)
  A moth of wrath (Zot:3)
  A fire giant skeleton (Depths:2)
  A tarantella (Spider:1)
  A human (D:12)
  2 redbacks
  7 dancing weapons
  2 orcs
  31 fire vortices
  295 fulminant prisms
  32 fungi
  83 plants
  19 tentacles
  17 withered plants
494 creatures vanquished.

Grand Total: 2936 creatures vanquished

Notes
Turn   | Place    | Note
-------+----------+-------------------------------------------
     0 | D:1      | sleeves the Demigod Brigand began the quest for the Orb.
     0 | D:1      | Reached XP level 1. HP: 17/17 MP: 3/3
    18 | D:1      | Reached skill level 1 in Dodging
   285 | D:1      | Reached skill level 2 in Dodging
   285 | D:1      | Reached XP level 2. HP: 24/24 MP: 4/4
   409 | D:1      | HP: 12/24 [dart slug/slug dart (5)]
   702 | D:1      | Reached XP level 3. HP: 29/29 MP: 5/5
  1025 | D:2      | Reached skill level 3 in Dodging
  1162 | D:2      | Noticed Terence
  1274 | D:2      | Reached skill level 2 in Throwing
  1396 | D:2      | Reached skill level 1 in Long Blades
  1601 | D:2      | HP: 12/29 [Terence/+0 hand axe (6)]
  1603 | D:2      | Killed Terence
  1604 | D:2      | Reached XP level 4. HP: 15/36 MP: 6/6
  1797 | D:3      | Reached skill level 2 in Long Blades
  1797 | D:3      | Reached skill level 3 in Throwing
  1855 | D:3      | Reached XP level 5. HP: 41/41 MP: 7/7
  2296 | D:3      | Noticed Sigmund
  2306 | D:3      | HP: 18/41 [something (6)]
  2316 | D:3      | HP: 17/41 [something/magic dart (4)]
  2325 | D:3      | HP: 9/41 [something/puff of flame (2)]
  2326 | D:3      | HP: 4/41 [something/puff of flame (6)]
  2590 | D:4      | Found a staircase to the Ecumenical Temple.
  2776 | D:4      | HP: 16/41 [gnoll/+0 flail (8)]
  3090 | D:3      | Killed Sigmund
  3091 | D:3      | Reached skill level 3 in Long Blades
  3091 | D:3      | Reached skill level 4 in Throwing
  3091 | D:3      | Reached XP level 6. HP: 48/48 MP: 8/8
  3614 | D:4      | Learned a level 3 spell: Tukima's Dance
  4061 | D:5      | Entered Level 5 of the Dungeon
  4165 | D:5      | Reached skill level 1 in Hexes
  4223 | D:5      | Reached skill level 4 in Long Blades
  4825 | D:6      | Noticed a steam dragon
  4843 | D:6      | Killed a steam dragon
  4844 | D:6      | Reached skill level 1 in Shields
  4844 | D:6      | Reached skill level 2 in Hexes
  4844 | D:6      | Reached XP level 7. HP: 33/53 MP: 9/9
  5079 | D:6      | Noticed a steam dragon
  5079 | D:6      | Noticed a steam dragon
  5223 | D:6      | Reached skill level 5 in Long Blades
  5223 | D:6      | Reached skill level 2 in Shields
  5223 | D:6      | Reached skill level 3 in Hexes
  5225 | D:6      | HP: 26/53 [iguana (1)]
  5231 | D:6      | HP: 8/53 [iguana (11)]
  5754 | D:6      | Reached skill level 3 in Shields
  5754 | D:6      | Reached XP level 8. HP: 56/60 MP: 3/10
  5876 | D:6      | Reached skill level 4 in Hexes
  6118 | D:6      | HP: 28/60 [steam dragon/ball of steam (9)]
  6120 | D:6      | HP: 12/60 [steam dragon] (7)]
  6122 | D:6      | Reached skill level 6 in Long Blades
  6122 | D:6      | Reached skill level 4 in Shields
  6548 | D:7      | HP: 29/60 [orc warrior/+0 hand axe (9)]
  6574 | D:7      | Reached skill level 1 in Conjurations
  7183 | D:7      | Found the +8 longbow "Zephyr" {speed, Dex+3 SInv}
  7370 | D:7      | Reached skill level 5 in Hexes
  7441 | D:7      | Reached skill level 2 in Conjurations
  7599 | D:7      | HP: 26/59 [ogre/+0 giant spiked club (33)]
  7742 | D:7      | Learned a level 3 spell: Hailstorm
  7909 | D:7      | Reached skill level 5 in Shields
  8013 | D:7      | Reached XP level 9. HP: 60/67 MP: 11/11
  8057 | D:8      | Noticed Grum
  8079 | D:7      | HP: 30/67 [wolf[Grum] (8)]
  8082 | D:7      | Reached skill level 3 in Conjurations
  8087 | D:7      | HP: 30/67 [orc wizard/+0 dagger (1)]
  8093 | D:7      | HP: 29/67 [orc wizard/+0 dagger (2)]
  8250 | D:8      | Noticed Maurice
  8384 | D:8      | Found the +2 ratskin cloak {*Rats rPois rN+ Str-1 Int-1
                  | Dex+1}
  8434 | D:8      | Reached skill level 4 in Conjurations
  8581 | D:7      | HP: 31/67 [wolf[Grum] (5)]
  8594 | D:7      | Reached skill level 5 in Conjurations
  8874 | D:8      | Killed Maurice
  8874 | D:8      | HP: 28/67 [Grum (13)]
  8875 | D:8      | Reached skill level 6 in Conjurations
  8882 | D:8      | HP: 7/67 [Grum (13)]
  8885 | D:8      | Killed Grum
  9284 | D:8      | Reached skill level 7 in Conjurations
  9288 | D:8      | HP: 31/67 [poisoned by a kobold brigand (curare-tipped
                  | dart)]
  9293 | D:8      | HP: 20/67 [poisoned by a kobold brigand (curare-tipped
                  | dart)]
 10020 | D:9      | Reached skill level 1 in Spellcasting
 10086 | D:9      | HP: 30/67 [troll (4)]
 10371 | D:9      | Reached skill level 2 in Spellcasting
 10655 | D:9      | Reached XP level 10. HP: 73/73 MP: 15/17
 10761 | D:9      | Reached skill level 8 in Conjurations
 10827 | D:8      | Learned a level 4 spell: Fulminant Prism
 10875 | D:9      | Noticed a manticore
 10877 | D:9      | Noticed a great orb of eyes
 10886 | D:9      | HP: 34/73 [great orb of eyes (14)]
 10889 | D:9      | Killed a manticore
 10890 | D:9      | Reached skill level 3 in Spellcasting
 10893 | D:9      | HP: 19/73 [great orb of eyes (12)]
 10895 | D:9      | Killed a great orb of eyes
 10896 | D:9      | Reached skill level 4 in Spellcasting
 11006 | D:9      | HP: 35/73 [steam dragon] (3)]
 11572 | D:10     | Entered Level 10 of the Dungeon
 11592 | D:10     | Reached skill level 9 in Conjurations
 11842 | D:10     | Noticed a death yak
 11842 | D:10     | Noticed a death yak
 12133 | D:10     | Found a flagged portal.
 12154 | Bailey   | Entered a bailey
 12222 | Bailey   | Reached skill level 5 in Spellcasting
 12233 | Bailey   | HP: 33/73 [orc/bolt (12)]
 12854 | Bailey   | Identified the ring of Obsession {*Slow Fly rC+ rN+}
 12856 | Bailey   | Noticed an orc knight
 13017 | Bailey   | Killed an orc knight
 13156 | Bailey   | Reached skill level 12 in Conjurations
 13156 | Bailey   | Reached XP level 11. HP: 79/79 MP: 23/23
 13165 | Bailey   | Learned a level 7 spell: Orb of Destruction
 13351 | D:10     | Noticed a two-headed ogre
 13354 | D:10     | HP: 34/79 [two-headed ogre/+0 giant club (13)]
 13519 | D:10     | Noticed a death yak
 13784 | D:10     | Reached skill level 6 in Spellcasting
 13914 | D:10     | Reached XP level 12. HP: 85/85 MP: 8/25
 14214 | D:10     | Found a staircase to the Lair.
 14673 | D:11     | Reached skill level 13 in Conjurations
 14933 | D:11     | Noticed Fannar
 14954 | D:10     | Reached skill level 7 in Spellcasting
 15609 | D:11     | Found a portal to a secret trove of treasure.
 16816 | D:12     | Found a staircase to the Orcish Mines.
 16848 | D:12     | Noticed Kirke
 17020 | D:12     | Reached skill level 8 in Spellcasting
 17148 | D:12     | Noticed Snorg
 17161 | D:12     | Killed Snorg
 17164 | D:12     | Killed Kirke
 17165 | D:12     | Reached skill level 14 in Conjurations
 17664 | D:12     | Noticed Nergalle
 17961 | D:12     | Killed Nergalle
 18150 | D:13     | Identified the +7 short sword of Giesix {elec, rElec Str+3}
 18208 | D:13     | Noticed a centaur warrior
 18315 | Lair:1   | Entered Level 1 of the Lair of Beasts
 18517 | Lair:1   | Reached skill level 9 in Spellcasting
 18528 | Lair:1   | Learned a level 7 spell: Spellforged Servitor
 18605 | Lair:1   | Identified a scroll of acquirement
 18606 | Lair:1   | Acquired the Compendium of Charming Hurting
 18614 | Lair:1   | Learned a level 5 spell: Iskenderun's Battlesphere
 18617 | Lair:1   | Learned a level 1 spell: Magic Dart
 18620 | Lair:1   | Learned a level 2 spell: Sublimation of Blood
 18708 | Lair:1   | Reached skill level 1 in Summonings
 18959 | Lair:1   | Noticed Gastronok
 18971 | Lair:1   | Killed Gastronok
 18972 | Lair:1   | Reached XP level 13. HP: 91/91 MP: 8/30
 19241 | Lair:1   | Reached skill level 2 in Summonings
 19641 | Lair:1   | Reached skill level 3 in Summonings
 20430 | Lair:2   | Reached skill level 4 in Summonings
 20816 | Lair:2   | Found a transporter.
 20825 | Lair:2   | Found a transporter.
 20831 | Lair:2   | Noticed Gesod's ghost (journeyman MiHu)
 21539 | Lair:3   | Noticed Amaemon
 21540 | Lair:3   | Reached skill level 10 in Spellcasting
 21545 | Lair:3   | Killed Amaemon
 21546 | Lair:3   | Reached skill level 15 in Conjurations
 21745 | Lair:3   | Found a staircase to the Shoals.
 21806 | Lair:3   | HP: 21/91 [spore (56)]
 21816 | Lair:3   | HP: 30/91 [wolf (3)]
 22643 | Lair:3   | Learned a level 2 spell: Blink
 22954 | Lair:3   | Reached skill level 11 in Spellcasting
 23250 | Lair:3   | Found a hole to the Spider Nest.
 23579 | Lair:4   | Reached XP level 14. HP: 91/97 MP: 27/34
 23897 | Lair:4   | Reached skill level 16 in Conjurations
 24060 | Lair:4   | Identified the +9 battleaxe "Helyrch" {flame, rC+ rN+
                  | Dex+2}
 24249 | Lair:4   | Noticed Nessos
 24252 | Lair:4   | Killed Nessos
 24707 | Lair:5   | Entered Level 5 of the Lair of Beasts
 25155 | Lair:5   | HP: 47/97 [elephant (12)]
 25156 | Lair:5   | Reached skill level 12 in Spellcasting
 25164 | Lair:5   | HP: 48/97 [water moccasin (4)]
 25588 | Lair:5   | Found a staircase to the Slime Pits.
 26398 | Lair:5   | Found a one-way gate to the infinite horrors of the Abyss.
 26531 | Lair:5   | Reached skill level 17 in Conjurations
 27359 | Orc:1    | Entered Level 1 of the Orcish Mines
 27561 | Orc:1    | Reached skill level 1 in Translocations
 28029 | Orc:1    | Found a runed translucent door.
 28113 | Orc:1    | Noticed Hati's ghost (journeyman DsFi)
 28128 | Orc:2    | Entered Level 2 of the Orcish Mines
 28133 | Orc:2    | Reached skill level 2 in Translocations
 28145 | Orc:2    | Noticed an orc warlord
 28525 | Orc:2    | Killed an orc warlord
 28943 | Orc:2    | Found a staircase to the Elven Halls.
 29123 | Orc:2    | Reached skill level 13 in Spellcasting
 29132 | Orc:2    | Reached skill level 3 in Translocations
 29265 | Orc:2    | Reached XP level 15. HP: 103/103 MP: 19/37
 29597 | Orc:2    | Found Ehiasas's Antique Armour Boutique.
 29602 | Orc:2    | Found Dyichaaq's Weapon Shoppe.
 29609 | Orc:2    | Found Gafuem's Antique Weapon Shoppe.
 29611 | Orc:2    | Found Acasud Jaug's General Store.
 29736 | D:13     | HP: 41/102 [centaur warrior/arrow (19)]
 29846 | D:13     | Found Qiridywu's Blood Bar.
 29900 | D:13     | Reached skill level 4 in Translocations
 30113 | D:13     | Found Quosmyfa's Tremendous Tomes.
 30139 | D:13     | Learned a level 6 spell: Iron Shot
 30469 | D:13     | Found Qeuruevu's Jewellery Emporium.
 30479 | D:13     | Acquired 934 gold pieces
 30805 | D:13     | Reached skill level 5 in Summonings
 31297 | D:13     | Found a gate to the Vaults.
 31963 | D:14     | Reached skill level 6 in Summonings
 32556 | D:14     | Reached skill level 18 in Conjurations
 32724 | D:15     | Entered Level 15 of the Dungeon
 32817 | D:15     | Found a staircase to the Depths.
 33062 | D:15     | HP: 49/103 [deep elf pyromancer/bolt of fire (21)]
 33064 | D:15     | Reached skill level 7 in Summonings
 33473 | D:15     | Reached skill level 8 in Summonings
 34718 | D:15     | Upgraded the game from 0.30-a0-269-gf0224bf7b6 to
                  | 0.30-a0-272-gf98c3da03f
 34937 | Spider:1 | Entered Level 1 of the Spider Nest
 34994 | Shoals:1 | Entered Level 1 of the Shoals
 34994 | Shoals:1 | Noticed Aizul
 35287 | Depths:1 | Entered Level 1 of the Depths
 35296 | Depths:1 | Reached skill level 9 in Summonings
 35710 | Depths:1 | Found a gateway to Hell.
 35719 | Depths:1 | Reached skill level 10 in Summonings
 35723 | Depths:1 | Reached skill level 2 in Fighting
 35767 | Depths:1 | Reached skill level 3 in Fighting
 35804 | Depths:1 | Found a flickering gateway to a bazaar.
 35818 | Bazaar   | Entered a bazaar
 35873 | Bazaar   | Found Taohenle's Magic Scroll Shoppe.
 35942 | Bazaar   | Found Viepnogh's Assorted Antiques.
 35995 | Bazaar   | Found Voadutzite's Magic Scroll Shoppe.
 36003 | Bazaar   | Bought a scroll of blinking for 67 gold pieces
 36003 | Bazaar   | Bought a scroll of enchant armour for 67 gold pieces
 36003 | Bazaar   | Bought a scroll of amnesia for 36 gold pieces
 36038 | Bazaar   | Found Pecoode's Jewellery Boutique.
 36326 | Bazaar   | Bought a potion of curing for 81 gold pieces
 36326 | Bazaar   | Bought a scroll of teleportation for 81 gold pieces
 36429 | Bazaar   | Bought a scroll of enchant armour for 105 gold pieces
 36429 | Bazaar   | Bought a scroll of teleportation for 42 gold pieces
 36429 | Bazaar   | Bought a scroll of teleportation for 42 gold pieces
 36594 | Depths:1 | Reached XP level 16. HP: 116/116 MP: 35/38
 36676 | Depths:1 | Reached skill level 4 in Fighting
 36875 | Depths:1 | Found Xeekhi's Jewellery Boutique.
 36875 | Depths:1 | Found Kiceti's Book Shoppe.
 36876 | Depths:1 | Found Jasa's Jewellery Boutique.
 37676 | Depths:1 | Reached skill level 5 in Fighting
 38258 | Depths:2 | Reached skill level 1 in Fire Magic
 38295 | Depths:2 | Found Ejoewn's General Store.
 38297 | Depths:2 | Found Ogoal's Antique Weapon Boutique.
 38303 | Depths:2 | Bought a scroll of teleportation for 48 gold pieces
 38368 | Depths:2 | Reached skill level 6 in Fighting
 38368 | Depths:2 | Reached skill level 2 in Fire Magic
 38450 | Depths:2 | Noticed Asterion
 38899 | Depths:2 | Reached skill level 3 in Fire Magic
 39024 | Depths:2 | Found a one-way gate leading to the halls of Pandemonium.
 39472 | Depths:2 | Reached skill level 19 in Conjurations
 39485 | Depths:2 | Reached skill level 7 in Fighting
 39485 | Depths:2 | Reached skill level 4 in Fire Magic
 39653 | Depths:2 | Got Vagal's Tractate on Exhumation and the Iceberg
 39769 | Depths:2 | HP: 29/126 [spriggan air mage/bolt of lightning (39)]
 39950 | Depths:2 | Got Byfifis's Lessons on Beguiling
 40154 | Depths:2 | Noticed an ancient lich
 40277 | Depths:2 | Killed an ancient lich
 40278 | Depths:2 | Reached skill level 5 in Fire Magic
 40403 | Depths:2 | Got the Guidebook on Scorched Ensorcelling
 40415 | Depths:2 | Got the Directory of the Brume
 40506 | Depths:2 | HP: 39/126 [Asterion/iron shot (41)]
 40509 | Depths:2 | Killed Asterion
 40709 | Depths:2 | Learned a level 6 spell: Starburst
 40734 | Depths:3 | Noticed a golden dragon
 40735 | Depths:3 | Reached skill level 8 in Fighting
 40975 | Depths:3 | Found a one-way gateway to a ziggurat.
 40976 | Depths:3 | HP: 42/128 [white very ugly thing (45)]
 41323 | Spider:1 | HP: 56/129 [jumping spider (13)]
 41328 | Lair:3   | HP: 55/129 [poisoned by a redback]
 41621 | Spider:1 | Reached XP level 17. HP: 136/136 MP: 37/39
 42074 | Spider:1 | Reached skill level 6 in Fire Magic
 42086 | Spider:1 | Reached skill level 9 in Fighting
 42701 | Spider:1 | Identified the +1 battleaxe of Untimely Demise {vorpal,
                  | rElec rN++ Dex-5 Stlth+}
 43040 | Spider:2 | Reached skill level 1 in Earth Magic
 43405 | Spider:2 | Reached skill level 2 in Earth Magic
 43520 | Spider:2 | Reached skill level 10 in Fighting
 43680 | Spider:2 | Reached skill level 7 in Fire Magic
 43909 | Spider:2 | Reached skill level 3 in Earth Magic
 44332 | Spider:2 | Noticed Louise
 44335 | Spider:2 | Killed Louise
 44462 | Shoals:1 | Reached skill level 11 in Fighting
 44464 | Shoals:1 | Killed Aizul
 44467 | Shoals:1 | Reached skill level 4 in Earth Magic
 44537 | Shoals:1 | Noticed Mlioglotl
 44541 | Shoals:1 | Killed Mlioglotl
 44996 | Shoals:1 | Reached skill level 20 in Conjurations
 44996 | Shoals:1 | Reached skill level 8 in Fire Magic
 45109 | Shoals:1 | Noticed Donald
 45123 | Shoals:1 | Killed Donald
 45961 | Shoals:2 | Reached skill level 5 in Earth Magic
 46110 | Shoals:2 | Noticed Jorgrun
 46133 | Shoals:2 | Killed Jorgrun
 46216 | Shoals:2 | Reached skill level 12 in Fighting
 46936 | Shoals:3 | Reached XP level 18. HP: 154/154 MP: 40/40
 47567 | Shoals:4 | Entered Level 4 of the Shoals
 47925 | Shoals:4 | Reached skill level 9 in Fire Magic
 48113 | Shoals:4 | Identified the +7 war axe of the Howling Fool {pain, rC-
                  | Int+6}
 48212 | Shoals:4 | HP: 71/156 [merfolk javelineer/silver javelin (9)]
 48214 | Shoals:4 | Reached skill level 13 in Fighting
 48432 | Shoals:4 | HP: 66/157 [merfolk javelineer/silver javelin (15)]
 48697 | Shoals:4 | Got a barnacled rune of Zot
 48865 | Shoals:4 | Identified the +7 long sword "Igadif" {protect, Will+
                  | Int+3}
 49102 | Shoals:4 | Identified the +1 leather armour of Anarchy {rF+ rC- Str+3}
 49184 | Shoals:4 | Found the +3 hat of Pondering {ponderous, Will+ MP+10
                  | Int+5}
 49878 | Vaults:1 | Entered Level 1 of the Vaults
 49997 | Vaults:1 | Reached skill level 14 in Fighting
 50018 | Vaults:1 | Reached skill level 10 in Fire Magic
 50024 | Vaults:1 | HP: 67/160 [centaur warrior/arrow (22)]
 50031 | Vaults:1 | HP: 51/160 [centaur warrior/arrow (10)]
 50214 | Vaults:1 | sleeves: ??spellforged
 50214 | Vaults:1 | beem: I don't have a page labeled spellforged in my
                  | learndb.
 50214 | Vaults:1 | sleeves: ??spellforged servitor
 50214 | Vaults:1 | beem: spellforged servitor[1/4]: Level 7
                  | Summoning/Conjurations spell which casts the highest level
                  | among valid servitor spells known by the player. Cast from
                  | a set of spells prior to 0.25. Only accepts spells that
                  | have a 50% or lower failure rate.
 50671 | Vaults:1 | Found Kathrit's General Store.
 50889 | Vaults:1 | HP: 71/161 [disintegration[the player character] (86)]
 51609 | Vaults:2 | Reached skill level 21 in Conjurations
 51862 | Vaults:2 | Found Caesagg's Book Shoppe.
 52181 | Vaults:2 | Reached skill level 11 in Fire Magic
 52194 | Vaults:2 | Reached XP level 19. HP: 169/169 MP: 25/41
 52370 | Vaults:2 | Found a staircase to the Crypt.
 52834 | Vaults:2 | Identified the +12 long sword of Mayhem {spect, Int+8
                  | Dex+4}
 53065 | Vaults:2 | Reached skill level 15 in Fighting
 53428 | Vaults:3 | HP: 71/170 [yaktaur/bolt[a vault warden] (16)]
 53473 | Vaults:3 | Found Jorhothityck's Assorted Antiques.
 53487 | Vaults:3 | Found a crumbling gateway.
 53558 | Desolati | Entered the Desolation of Salt
 53664 | Desolati | HP: 62/170 [disintegration (85)]
 53676 | Desolati | HP: 40/170 [ragged hierophant/a resonance strike (9)]
 53809 | Desolati | Reached skill level 12 in Fire Magic
 54245 | Desolati | Got the Handbook of Damaging Geology
 54298 | Desolati | HP: 80/170 [saltling (18)]
 54434 | Desolati | Identified the ring "Laciogir" {Ice Dex+7}
 54477 | Desolati | Identified the amulet "Cuimp" {rC+ Regen+}
 54480 | Desolati | Got the Textbook on Maleficent Rituals and Blasts
 54733 | Desolati | Identified the amulet "Vefui" {Acrobat Will- Slay+6}
 54758 | Desolati | Identified the amulet of Piorruna {RegenMP rCorr}
 55351 | Vaults:3 | Identified the +5 arbalest of Generosity {elec, rF+ Str+2}
 56087 | Vaults:3 | Reached skill level 22 in Conjurations
 56088 | Vaults:3 | HP: 81/170 [something (18)]
 56192 | Vaults:3 | Reached skill level 13 in Fire Magic
 57224 | Vaults:4 | Found a magical portal.
 57235 | WizLab   | Entered Tukima's Studio
 57370 | WizLab   | Identified the +8 hand crossbow "Bakhlad" {speed, rC+ Str+7
                  | Int+2}
 57436 | WizLab   | Reached skill level 14 in Fire Magic
 57436 | WizLab   | HP: 75/170 [living spell/iceblast[a walking frostbound
                  | tome] (39)]
 57584 | WizLab   | Noticed sleeves's illusion
 57664 | WizLab   | Noticed sleeves's illusion
 57674 | WizLab   | Noticed sleeves's illusion
 57815 | WizLab   | Got Ruixulea's Directory of the Oath
 58113 | Vaults:4 | Reached XP level 20. HP: 137/178 MP: 14/42
 58438 | Vaults:4 | Reached skill level 15 in Fire Magic
 59283 | Elf:1    | Entered Level 1 of the Elven Halls
 59793 | Elf:1    | Identified the +2 leather armour of the Turtledove {Will+
                  | Stlth+}
 59832 | Elf:1    | Reached skill level 16 in Fire Magic
 61095 | Elf:2    | HP: 86/178 [fire elemental[a deep elf pyromancer] (7)]
 61104 | Elf:2    | HP: 78/178 [fire elemental[a deep elf pyromancer] (5)]
 61246 | Elf:2    | Reached skill level 17 in Fire Magic
 61498 | Elf:2    | Found a runed translucent door.
 61635 | Elf:2    | Identified the +0 pair of gloves "Taveb" {Slay+5}
 61879 | Elf:2    | Found a runed translucent gate.
 61879 | Elf:2    | Found a runed translucent gate.
 61879 | Elf:2    | Found a runed translucent gate.
 61900 | Elf:3    | Entered Level 3 of the Elven Halls
 63339 | Elf:3    | Reached skill level 18 in Fire Magic
 63364 | Elf:3    | Identified the +2 leather armour of the Yeti {Dex+3}
 63364 | Elf:3    | Identified the amulet "Vuqughac" {Regen+ Dex+4}
 63745 | Elf:3    | Identified the +6 war axe of Opekk {vorpal, Will+ Int+2
                  | Dex+7}
 63864 | Elf:3    | Identified the ring "Watung" {EV+4 Str+7}
 64191 | Elf:3    | Found the +2 hat of the Bear Spirit {Spirit, *Rage Will++}
 64192 | Elf:3    | Identified the ring "Dethrer" {rN+ Str+5 Int-5 Dex+2}
 64196 | Elf:3    | Got Beisecri's Dissertation on Virous Ensorcelling
 64217 | Elf:3    | Identified the +0 pair of boots "Tudotura" {rF+}
 64454 | Elf:3    | Reached XP level 21. HP: 175/182 MP: 39/43
 64497 | Elf:3    | Identified the +5 sling of Fear {venom, rF+ Int+4 Dex+4}
 64511 | Elf:3    | Identified the +5 pair of boots of the Fisher {Harm Fly
                  | Int-5 Stlth+}
 64525 | Elf:3    | Identified the +2 shortbow "Ycexkuet" {vorpal, Int+3}
 64740 | Elf:3    | Learned a level 9 spell: Fire Storm
 65004 | Crypt:1  | Entered Level 1 of the Crypt
 65027 | Crypt:1  | Identified the ring "Neefirr" {Ice Str+3}
 65027 | Crypt:1  | Noticed Josephina
 65035 | Crypt:1  | Killed Josephina
 65036 | Crypt:1  | Reached skill level 1 in Necromancy
 65333 | Crypt:1  | Reached skill level 19 in Fire Magic
 65442 | Crypt:1  | Reached skill level 2 in Necromancy
 65655 | Crypt:1  | Noticed Vv
 65667 | Crypt:1  | HP: 83/184 [Vv/flame surge (34)]
 65667 | Crypt:1  | Killed Vv
 65824 | Crypt:1  | Reached skill level 3 in Necromancy
 66155 | Crypt:1  | Identified the +2 ring mail of Varo {Fly rPois Int+3}
 66334 | Crypt:1  | Identified the +10 arbalest "Nure" {elec, rC- Str+2 Int+8
                  | Stlth-}
 66467 | Crypt:1  | Reached skill level 4 in Necromancy
 66917 | Crypt:2  | HP: 91/184 [flayed ghost/flay_damage (28)]
 66922 | Crypt:2  | HP: 75/184 [flayed ghost/flay_damage (23)]
 66931 | Crypt:2  | HP: 66/184 [flayed ghost/flay_damage (20)]
 67549 | Crypt:2  | Reached skill level 20 in Fire Magic
 67783 | Crypt:2  | HP: 91/184 [storm dragon simulacrum (39)]
 68295 | Crypt:2  | Found the +3 greatsling "Punk" {acid, rCorr}
 68303 | Crypt:2  | sleeves: ??greatsling
 68303 | Crypt:2  | beem: fustibalus[1/4]: 10/12 base damage (with stones/sling
                  | bullets respectively), 1.4 base delay, 0.7 mindelay.
                  | One-handed. Called a greatsling in 0.18 and earlier.
                  | Removed in 0.29.
 68303 | Crypt:2  | sleeves: ??Punk
 68303 | Crypt:2  | beem: punk[1/1]: An {unrand} +3 greatsling with an acid ego
                  | (same as {acidic bite}) that grants rCorr. In 0.18 and
                  | earlier, a +7 greatsling with freeze ego and rC+.
 68320 | Crypt:2  | Acquired 824 gold pieces
 68710 | Crypt:3  | Entered Level 3 of the Crypt
 69554 | Crypt:3  | Found a staircase to the Tomb.
 69585 | Crypt:3  | Reached skill level 21 in Fire Magic
 69816 | Crypt:3  | Identified the +1 lajatang of Eternal Vigilance {vorpal,
                  | rCorr MP-9 Dex+4}
 69829 | Crypt:3  | Got the Compendium of the Transforming Traveller
 69839 | Crypt:3  | Noticed a dread lich
 69839 | Crypt:3  | Paralysed by a dread lich for 3 turns
 70661 | Crypt:3  | Noticed an ancient lich
 70669 | Crypt:3  | Killed an ancient lich
 70801 | Crypt:3  | Identified the amulet "Tofam" {Regen+ Str+4}
 70801 | Crypt:3  | Identified the ring "Jahaimyt" {rN+ Int+4}
 70801 | Crypt:3  | Identified the ring "Forghapu" {rPois rN+ Will+ Stlth+}
 70829 | Crypt:3  | Noticed a dread lich
 70833 | Crypt:3  | Killed a dread lich
 71033 | Crypt:3  | Killed a dread lich
 71251 | Crypt:3  | Learned a level 4 spell: Passage of Golubria
 71559 | Depths:3 | Reached XP level 22. HP: 192/192 MP: 40/44
 71561 | Depths:3 | Noticed Margery
 72004 | Depths:3 | HP: 96/192 [Margery/fireball (22)]
 72005 | Depths:3 | Killed Margery
 72006 | Depths:3 | Reached skill level 22 in Fire Magic
 72325 | Depths:3 | Found Ynazavao's Distillery.
 72333 | Depths:3 | Bought a potion of heal wounds for 55 gold pieces
 72333 | Depths:3 | Bought a potion of haste for 110 gold pieces
 72333 | Depths:3 | Bought a potion of brilliance for 44 gold pieces
 72333 | Depths:3 | Bought 2 potions of mutation for 176 gold pieces
 73009 | Depths:3 | Noticed a caustic shrike
 73009 | Depths:3 | Noticed a caustic shrike
 73010 | Depths:3 | Noticed a caustic shrike
 73012 | Depths:3 | Noticed a caustic shrike
 73013 | Depths:3 | Noticed a caustic shrike
 73017 | Depths:3 | Killed a caustic shrike
 73025 | Depths:3 | Killed a caustic shrike
 73033 | Depths:3 | Killed a caustic shrike
 73038 | Depths:3 | HP: 95/192 [acid (8)]
 73215 | Depths:2 | HP: 86/192 [caustic shrike (17)]
 73217 | Depths:2 | Killed a caustic shrike
 73373 | Depths:3 | Killed a caustic shrike
 73374 | Depths:3 | HP: 90/192 [frost giant/bolt of cold (22)]
 74535 | Depths:4 | Entered Level 4 of the Depths
 74727 | Depths:3 | HP: 71/192 [fire giant/fireball (31)]
 74730 | Depths:3 | HP: 33/192 [fire giant/+1 great sword of flaming (12)]
 74909 | Depths:4 | Reached skill level 23 in Conjurations
 74915 | Depths:4 | HP: 92/192 [spark wasp (10)]
 74920 | Depths:3 | HP: 92/192 [poisoned by an ettin]
 75451 | Depths:4 | HP: 94/192 [spriggan air mage/the air (22)]
 75456 | Depths:4 | Reached skill level 6 in Shields
 75456 | Depths:4 | HP: 81/192 [spriggan air mage/the air (23)]
 75839 | Depths:4 | Reached skill level 23 in Fire Magic
 76148 | Depths:4 | Found a gate to the Realm of Zot.
 76249 | Depths:4 | Reached skill level 7 in Shields
 76896 | Depths:4 | Reached skill level 8 in Shields
 77453 | D:13     | Bought a ring of see invisible for 210 gold pieces
 78522 | Spider:3 | Reached XP level 23. HP: 199/199 MP: 10/46
 78991 | Spider:3 | Reached skill level 9 in Shields
 79743 | Spider:4 | Entered Level 4 of the Spider Nest
 80233 | Spider:4 | Identified the +6 halberd "Ecaix" {vorpal, Int+3}
 80244 | Spider:4 | Noticed Nikola
 80263 | Spider:4 | Killed Nikola
 81434 | Spider:4 | Paralysed by a hornet for 3 turns
 82395 | Spider:4 | Got a gossamer rune of Zot
 82910 | Vaults:5 | Entered Level 5 of the Vaults
 82914 | Vaults:5 | Reached skill level 10 in Shields
 82920 | Vaults:5 | HP: 95/199 [stone giant/large rock (15)]
 82922 | Vaults:5 | HP: 38/199 [fire giant/fireball (27)]
 82923 | Vaults:5 | HP: 9/199 [fire giant/bolt of fire (16)]
 83117 | Vaults:5 | HP: 95/199 [vault guard/+1 halberd (7)]
 83124 | Vaults:4 | HP: 52/199 [fire giant/bolt of fire (13)]
 83320 | Vaults:5 | HP: 93/199 [vault guard/+0 great sword[a vault warden]
                  | (13)]
 83325 | Vaults:5 | HP: 76/199 [vault guard/+1 battleaxe[a vault warden] (10)]
 83335 | Vaults:5 | Identified the +0 fire dragon scales "Iskinapt" {rF++ rC-
                  | Str+2}
 83516 | Vaults:5 | Noticed an ancient lich
 83523 | Vaults:5 | HP: 96/198 [ancient lich/crystal spear (83)]
 83528 | Vaults:5 | Killed an ancient lich
 83546 | Vaults:5 | Identified the +6 shortbow "Joppia" {freeze, rPois Str-3
                  | Dex+8}
 83873 | Vaults:5 | Reached skill level 24 in Conjurations
 83922 | Vaults:5 | Reached skill level 24 in Fire Magic
 83995 | Vaults:5 | Reached skill level 1 in Armour
 84337 | Vaults:5 | Noticed an ancient lich
 84345 | Vaults:5 | Killed an ancient lich
 84346 | Vaults:5 | Reached skill level 2 in Armour
 84393 | Vaults:5 | Reached skill level 4 in Dodging
 84425 | Vaults:5 | HP: 81/199 [frost giant/+1 battleaxe of freezing (27)]
 84571 | Vaults:5 | Noticed Saint Roka
 84603 | Vaults:5 | Killed Saint Roka
 84609 | Vaults:5 | Identified the +2 ring mail of Soatos {rN++ Dex+4}
 84668 | Vaults:5 | Reached skill level 3 in Armour
 84727 | Vaults:5 | Identified the +7 quarterstaff of Qazlal's Reproof {flame,
                  | rPois Will- Dex+4}
 84789 | Vaults:5 | Identified the ring of Cohum {rPois rCorr Int+6 Dex+2
                  | Slay+3}
 85177 | Vaults:5 | Reached skill level 5 in Dodging
 85355 | Vaults:5 | Reached skill level 4 in Armour
 85700 | Vaults:5 | Reached XP level 24. HP: 206/206 MP: 6/46
 85888 | Vaults:5 | Identified the +6 hand axe "Megraid" {freeze, +Blink rElec}
 86113 | Vaults:5 | Learned a level 6 spell: Dispersal
 86229 | Vaults:5 | Identified the +9 falchion of Muteng {vorpal, *Rage rElec
                  | rC- SInv}
 86280 | Vaults:5 | Got a silver rune of Zot
 86643 | Vaults:5 | Identified the +0 leather armour "Medoetay" {Harm rCorr
                  | Int+4 Dex-4}
 86644 | Vaults:5 | Reached skill level 5 in Armour
 88162 | Zot:1    | Entered Level 1 of the Realm of Zot
 88175 | Depths:4 | Learned a level 8 spell: Lehudib's Crystal Spear
 88528 | Zot:1    | Reached skill level 6 in Earth Magic
 89154 | Zot:1    | Reached skill level 14 in Spellcasting
 89470 | Zot:1    | Reached skill level 5 in Translocations
 89554 | Zot:1    | Noticed an orb of fire
 89559 | Zot:1    | HP: 102/207 [orb of fire/fireball (18)]
 89559 | Zot:1    | Killed an orb of fire
 89985 | D:11     | You paid a toll of +4 shadow dragon scales to enter a
                  | treasure trove
 89986 | Trove    | Entered a treasure trove
 90002 | Trove    | Identified the +5 spear of Income {drain, Dex+7}
 90006 | Trove    | Found the +8 frozen axe "Frostbite" {freezing cloud, *Noise
                  | Fly rC+}
 90049 | Trove    | Identified the +8 falchion of Nihitz {vamp, Dex+2}
 90051 | Trove    | Identified the +10 dagger "Oseubb" {venom, rPois rC+ Str-4
                  | Dex+2}
 90630 | Zot:3    | Reached skill level 7 in Earth Magic
 90670 | Zot:3    | Identified the +1 robe of Moothry {Will+ Int+4}
 90694 | Zot:3    | Reached skill level 16 in Fighting
 90756 | Zot:3    | Reached skill level 6 in Translocations
 92063 | Zot:4    | Identified the ring of the Furies {Will- MP+9 EV+4 Str+4
                  | SInv}
 92217 | Zot:4    | Reached skill level 8 in Earth Magic
 92280 | Zot:4    | Reached skill level 7 in Translocations
 92889 | Zot:4    | Reached skill level 17 in Fighting
 93506 | Zot:5    | Entered Level 5 of the Realm of Zot
 93785 | Zot:5    | Found a transporter.
 93802 | Zot:5    | Found a transporter.
 93880 | Zot:5    | Found a transporter.
 93900 | Zot:5    | Found a transporter.
 93936 | Zot:5    | Reached skill level 8 in Translocations
 94013 | Zot:5    | Reached skill level 9 in Earth Magic
 94158 | Zot:5    | Noticed an orb of fire
 94230 | Zot:5    | Noticed an ancient lich
 94232 | Zot:5    | Noticed an ancient lich
 94240 | Zot:5    | Killed an ancient lich
 94247 | Zot:5    | Noticed a dread lich
 94248 | Zot:5    | Noticed an ancient lich
 94250 | Zot:5    | Killed a dread lich
 94254 | Zot:5    | Killed an ancient lich
 94449 | Zot:5    | Noticed an orb of fire
 94455 | Zot:5    | Killed an orb of fire
 94456 | Zot:5    | Reached skill level 18 in Fighting
 94478 | Zot:5    | Noticed a dread lich
 94479 | Zot:5    | Killed an ancient lich
 94482 | Zot:5    | Killed a dread lich
 94483 | Zot:5    | Reached skill level 9 in Translocations
 94483 | Zot:5    | Reached XP level 25. HP: 213/224 MP: 13/47
 94712 | Zot:5    | Reached skill level 10 in Earth Magic
 94795 | Zot:5    | Killed an orb of fire
 95095 | Zot:5    | Identified the +1 leather armour "Duff" {+Inv Dex+4}
 95112 | Zot:5    | Noticed an ancient lich
 95114 | Zot:5    | Killed an ancient lich
 95253 | Zot:5    | Reached skill level 19 in Fighting
 95463 | Zot:5    | Reached skill level 10 in Translocations
 95549 | Zot:5    | Got the Orb of Zot
 96215 | D:1      | Reached skill level 11 in Earth Magic
 96248 | D:$      | Escaped with the Orb!

Illustrated notes

Levels and vault maps discovered:
D:1:      beargit_arrival_greenhouse, layout_basic,
          hellmonk_ecumenical_altar_defaced_shrine, minmay_domino_4
D:2:      kennysheep_big_flooded_room, layout_rooms, minmay_crystal_water,
          grunt_ministairs_3, kennysheep_boxes, uniq_terence
D:3:      layout_basic, mainiacjoe_overflow_six_doors_small,
          serial_bayou_lake_a, uniq_sigmund
D:4:      layout_loops_ring, minmay_temple_entry_glassed_door,
          minmay_pentomino_pile
D:5:      layout_basic
D:6:      layout_rooms, nicolae_wu_jian_wuxing_cycle
D:7:      nicolae_cairo_tiling, layout_loops_corners,
          lemuel_coloured_pillars_altar, grunt_gozag_statues
D:8:      layout_rooms, uniq_grum, uniq_maurice
D:9:      minmay_the_grid_four_pointed_star_mashed
          [minmay_the_grid_triangle_9x9_zippers_vertical,
          minmay_the_grid_triangle_9x9_minimal,
          minmay_the_grid_triangle_9x9_steps,
          minmay_the_grid_triangle_9x9_empty,
          minmay_the_grid_prize_diamond_cup], layout_basic,
          gammafunk_temple_overflow_claw, minmay_three_doors
D:10:     layout_basic, dpeg_lair_monsters, enter_bailey_5
D:11:     layout_grid_maze, nicolae_trove_entry_free_sample, uniq_fannar
D:12:     layout_basic, orc_0_dummy, serial_glass, glass_columns_a,
          glass_columns_a, nicolae_qazlal_scattered_showers, uniq_nergalle,
          uniq_kirke, uniq_snorg
D:13:     layout_roguey, ximxim_vaults_locker_room, serial_shops,
          nicolae_shop_waterfront, nicolae_shop_i_like_big_books,
          guppyfry_shop_blood
D:14:     minmay_connected_triangles_in_corner, layout_loops_ring,
          small_statue_intersection, gauntlet_entry_generic, grunt_ministairs_12
D:15:     gammafunk_depths_entry_grave, layout_basic,
          chequers_serial_rivers_large_b
Lair:1:   statuecave_lemuel, layout_misc_corridors, grunt_megastairs_4,
          uniq_gastronok
Lair:2:   layout_gridlike, gammafunk_ghost_wrathful_warriors,
          nicolae_lair_grove_arrangements, chequers_serial_rivers_small_3,
          grunt_forest_stairs_basic
Lair:3:   regret_index_tunnel_blossom, layout_chaotic_city, shoals_dummy_entry,
          nicolae_spider_entry_non_spiders, grunt_forest_large_clearings,
          uniq_amaemon
Lair:4:   layout_roguey, grunt_megastairs_5, uniq_nessos
Lair:5:   hellmonk_lair_end_abyssal_woods, layout_regular_city, slime_entry_1,
          chequers_serial_rivers_micro_d, lemuel_fruit_tree, grunt_megastairs_2,
          infiniplex_staircase_pool_2
Shoals:1: layout_shoals, nicolae_shoals_water_elemental_grotto, uniq_aizul,
          uniq_mlioglotl, uniq_donald
Shoals:2: nicolae_shoals_island_circles, layout_shoals,
          nicolae_shoals_loop_pool, uniq_jorgrun
Shoals:3: layout_shoals
Shoals:4: shoals_end_simple, layout_shoals
Spider:1: layout_spider_delve, nicolae_spider_webbed_stairs
Spider:2: nicolae_spider_corner, uniq_louise
Spider:3: cheibrodos_spider_silkery, drop_trap
Spider:4: spider_rune_water, gammafunk_ghost_grave, uniq_nikola
Orc:1:    layout_caves, ebering_ghost_reflecting_pool, roderic_batcave
Orc:2:    st_orc_elflike, layout_caves, david_defended_altar_orc
Elf:1:    eino_elf_arrival_shootout, layout_onion_city, serial_glass,
          glass_columns_a, glass_columns_a, hangedman_elf_represent,
          dk_noncrumbling_2
Elf:2:    elven_hall_of_blades_hangedman_original [nooodl_blade_entry_preview],
          layout_gridlike, nicolae_elf_big_sculpture_3, drop_trap,
          grunt_ministairs_11, minivault_13
Elf:3:    minmay_elf_hall_hex, layout_geoelf_castle,
          nicolae_elf_shapeshifter_party
Vaults:1: v_rooms_4, hangedman_vaults_trim, vaults_room_door_ring,
          vaults_mumra_chevron, nicolae_vaults_angled_halls,
          ontoclasm_vaults_eye, nicolae_vaults_shelves_hall, v_misc_8,
          layout_vaults_big_room, serial_shops, nicolae_shop_trees
Vaults:2: minmay_crypt_entry_simple_corners, grunt_vaults_funnel,
          vaults_room_guarded_vault, v_pattern_5,
          ontoclasm_vaults_loading_screen, v_alt_pattern_5,
          nicolae_vaults_little_squares_5, grunt_vaults_focal,
          grunt_vaults_hallway_long, vaults_dpeg_ring, layout_vaults_omnigrid,
          serial_shops, nicolae_shop_stone
Vaults:3: portal_desolation_entry_salt, nicolae_vaults_stairing_the_circle,
          hangedman_vaults_restitches, vaults_room_grid,
          nicolae_vaults_yaktaur_gun_rack, hangedman_vaults_slice,
          ontoclasm_vaults_decontamination, v_pattern_4, vaults_room_pool,
          nicolae_vaults_twisting_passages, layout_vaults_omnibox, serial_shops,
          shop
Vaults:4: infiniplex_enter_wizlab_spiral, vaults_mumra_minichess_inversion,
          vaults_standard_mumra_enter_the_diamond, hangedman_vaults_stagger,
          v_alt_pattern_4, v_rooms_6, vaults_mumra_hex, vaults_dpeg_doors,
          vaults_room_door_ring, nicolae_vaults_asterisk, vaults_room_door_ring,
          nicolae_vaults_little_squares_6, layout_vaults_maze
Vaults:5: uniq_saint_roka
Crypt:1:  layout_catacombs, uniq_josephina, uniq_vv
Crypt:2:  layout_gridlike, st_chilly_death
Crypt:3:  quadcrypt_mu
Depths:1: layout_cave_pools, hell_entry, minmay_misc_feat_more_columns,
          serial_shops, bzr_entry_safe, st_stairs_13, serial_bayou_ford_a,
          dk_noncrumbling_4, hangedman_decor_peaks_small, minmay_shop_grove
Depths:2: evilmike_library_of_no_secrets, layout_basic,
          pf_vacation_house_of_asmodeus, rand_demon_pan_entry_3,
          minmay_staircase_windowed_large, minmay_shoptagon, uniq_asterion
Depths:3: pf_snail_temple, layout_cave_pools, enter_ziggurat_c,
          hangedman_decor_lopped, hangedman_tar_grid_catacomb, serial_shops,
          nicolae_square_shop, abyss_entry_flame_altar, uniq_margery
Depths:4: grunt_x_marks_the_spot, layout_basic, grunt_pan_entry_sceptre,
          hell_entry
Zot:1:    grunt_zot_stairs_mandelzot, layout_basic
Zot:2:    layout_gridlike, lemuel_elevator, grunt_megastairs_3
Zot:3:    layout_misc_corridors
Zot:4:    lemuel_draconian_sentries, layout_gridlike
Zot:5:    layout_misc_corridors, nicolae_transporter_intersection

Skill      XL: |  1  2  3  4  5  6  7  8  9 10 11 12 13 14 15 16 17 18 19 20 21 22 23 24 25 |
---------------+----------------------------------------------------------------------------+-----
Dodging        | 2 3 5 |  5.5
Throwing       | 2 3 4 |  4.2
Long Blades    | 1 2 3 4 5 6 |  6.0
Hexes          | 2 3 5 |  5.0
Shields        | 1 3 5 8 10 | 10.0
Conjurations   | 2 7 12 14 15 17 18 19 20 21 22 23 24 | 24.0
Spellcasting   | 2 5 6 9 11 13 14 | 14.0
Summonings     | 1 4 10 | 10.0
Translocations | 3 4 9 10 | 10.0
Fighting       | 3 8 12 14 15 18 19 | 19.4
Fire Magic     | 5 8 11 14 18 21 23 24 | 24.0
Earth Magic    | 5 9 11 | 11.1
Necromancy     | 4 |  4.0
Armour         | 4 5 |  5.0
Short Blades   | |  1.7
Stealth        | |  3.6

Action                   |  1- 3 |  4- 6 |  7- 9 | 10-12 | 13-15 | 16-18 | 19-21 | 22-24 | 25-27 || total
-------------------------+-------+-------+-------+-------+-------+-------+-------+-------+-------++-------
Melee: Dagger            |   116 |   259 |   363 |   130 |    32 |       |       |       |       ||   900
       Punch             |     2 |     4 |     1 |       |       |       |       |       |       ||     7
       Falchion          |       |       |    48 |       |       |       |       |       |       ||    48
       Staff             |       |       |       |    27 |    23 |    12 |    11 |       |       ||    73
       Long sword        |       |       |       |       |       |    13 |     9 |    28 |       ||    50
       Short sword       |       |       |       |       |       |     1 |   100 |   100 |       ||   201
 Fire: Sling             |       |       |       |       |       |       |       |    42 |     3 ||    45
Throw: Dart              |    17 |    12 |    26 |       |       |       |       |       |       ||    55
       Boomerang         |       |       |    41 |    11 |       |       |       |       |       ||    52
 Cast: Tukima's Dance    |       |       |    22 |    12 |     1 |       |       |       |       ||    35
       Hailstorm         |       |       |     5 |    19 |       |       |       |       |       ||    24
       Fulminant Prism   |       |       |       |   148 |   133 |    17 |       |       |       ||   298
       Magic Dart        |       |       |       |    15 |   780 |     7 |    95 |       |       ||   897
       Iskenderun's Batt |       |       |       |     3 |   157 |     2 |    15 |       |       ||   177
       Orb of Destructio |       |       |       |     3 |     1 |   284 |   234 |   132 |       ||   654
       Blink             |       |       |       |       |     4 |     3 |     2 |     2 |       ||    11
       Iron Shot         |       |       |       |       |    59 |   130 |   379 |   308 |    21 ||   897
       Spellforged Servi |       |       |       |       |     7 |   123 |   108 |   136 |    22 ||   396
       Sublimation of Bl |       |       |       |       |     1 |       |     6 |    20 |     1 ||    28
       Starburst         |       |       |       |       |       |    49 |   102 |    97 |       ||   248
       Fire Storm        |       |       |       |       |       |       |       |    33 |    10 ||    43
       Lehudib's Crystal |       |       |       |       |       |       |       |     2 |     3 ||     5
       Dispersal         |       |       |       |       |       |       |       |     1 |       ||     1
Evoke: Wand              |       |       |       |     9 |     8 |       |     1 |     3 |       ||    21
       Phantom mirror    |       |       |       |       |       |       |     1 |     1 |       ||     2
       Lightning rod     |       |       |       |       |       |       |       |     4 |       ||     4
       Condenser vane    |       |       |       |       |       |       |       |     1 |       ||     1
  Use: Potion            |       |       |     1 |     1 |     2 |     2 |       |    11 |     4 ||    21
       Scroll            |       |       |       |    13 |    15 |    15 |    10 |    25 |       ||    78
 Stab: Sleeping          |    11 |    13 |     5 |     6 |       |       |       |       |       ||    35
       Distracted        |     1 |     1 |     1 |       |       |       |     2 |       |       ||     5
Armor: Robe              |    21 |    67 |    82 |    57 |     7 |       |       |       |       ||   234
       Troll leather arm |       |       |       |       |   109 |    72 |   132 |   142 |       ||   455
       Leather armour    |       |       |       |       |       |       |       |     9 |     6 ||    15
Dodge: Dodged            |    69 |   181 |   207 |   129 |   296 |   193 |   214 |   221 |    18 ||  1528
       Repelled          |       |       |       |     1 |       |     1 |     5 |       |       ||     7
Block: Buckler           |       |       |    82 |    63 |   126 |   102 |   131 |   181 |     8 ||   693

Table legend: (Time is in decaauts)
 A = Elapsed time spent in this place.
 B = Non-inter-level travel time spent in this place.
 C = Inter-level travel time spent in this place.
 D = Time resting spent in this place.
 E = Time spent auto-exploring this place.
 F = Levels seen in this place.
 G = Mean time per level.
                   A        B        C        D        E       F      G
               +--------+--------+--------+--------+--------+-----+--------+
         Total |  96399 |  88025 |   8374 |   9303 |  60403 |  55 | 1752.7 |
       Dungeon |  25174 |  21895 |   3279 |   2372 |  14958 |  15 | 1678.3 |
          Lair |   9701 |   8503 |   1198 |    541 |   6440 |   5 | 1940.2 |
        Shoals |   5100 |   4857 |    243 |    182 |   3743 |   4 | 1275.0 |
   Spider Nest |   7853 |   7391 |    462 |    604 |   5294 |   4 | 1963.2 |
  Orcish Mines |   2252 |   2121 |    131 |    121 |   1584 |   2 | 1126.0 |
   Elven Halls |   5556 |   5314 |    242 |    244 |   3976 |   3 | 1852.0 |
        Vaults |  12660 |  11127 |   1533 |    971 |   7664 |   5 | 2532.0 |
         Crypt |   6137 |   6049 |     88 |    170 |   4704 |   3 | 2045.7 |
        Depths |  11148 |  10260 |    888 |   1855 |   6492 |   4 | 2787.0 |
           Zot |   7158 |   6854 |    304 |   1628 |   3980 |   5 | 1431.6 |
        Bazaar |    671 |    671 |      0 |      0 |    499 |   1 |  671.0 |
         Trove |     73 |     73 |      0 |      0 |     24 |   1 |   73.0 |
        Bailey |   1004 |   1004 |      0 |    256 |    331 |   1 | 1004.0 |
        Wizlab |    635 |    635 |      0 |    223 |     51 |   1 |  635.0 |
    Desolation |   1270 |   1270 |      0 |    136 |    660 |   1 | 1270.0 |
               +--------+--------+--------+--------+--------+-----+--------+

Top non-repeatable levels by time:
Depths:2: 4347 daAuts
Vaults:5: 3983 daAuts
Depths:3: 2898 daAuts
   Elf:3: 2879 daAuts
Vaults:3: 2659 daAuts
  Lair:3: 2604 daAuts
 Crypt:3: 2553 daAuts
Spider:4: 2320 daAuts
    D:13: 2314 daAuts
Spider:2: 2313 daAuts
    D:10: 2276 daAuts
    D:15: 2270 daAuts
     D:7: 2256 daAuts
    D:12: 2252 daAuts
     D:9: 2202 daAuts
